 Dungeon Crawl Stone Soup version 0.23.0-3-gf3c87f2 (webtiles) character file.

Game seed: 2739965868592879044

1348324 Kairos the Conqueror (level 27, -2/161 HPs)
             Began as a Vine Stalker Warper on Feb 21, 2019.
             Was the Champion of Okawaru.
             Killed from afar by an Ice Fiend (11 damage)
             ... with a bolt of cold
             ... on level 24 of a ziggurat on Feb 22, 2019.
             The game lasted 09:33:56 (87700 turns).

Kairos the Conqueror (Vine Stalker Warper)         Turns: 87700, Time: 09:33:56

Health: -2/161     AC: 38    Str: 32    XL:     27
Magic:  0/52       EV: 28    Int: 14    God:    Okawaru [******]
Gold:   10047      SH: 16    Dex: 14    Spells: 11/74 levels left

rFire    + + +     SeeInvis +   j - +9 sacred scourge (holy)
rCold    + . .     Gourm    .   a - +3 warlock's mirror {reflect}
rNeg     + + +     Faith    .   C - +7 pearl dragon scales "Pyifuaz" {rF++ rN+ rCorr SInv}
rPois    +         Spirit   +   v - -2 hat of the Alchemist {rElec rPois rF+ rC+ rN+ MR+ rMut rCorr}
rElec    +         Reflect  +   k - +2 cloak of the Thief {+Fog Slay-2 SInv Stlth+}
rCorr    +         Harm     .   l - +2 pair of gloves {Str+3}
rMut     +         Clarity  +   Z - +2 pair of boots {run}
MR       ++++.                  w - amulet of Byrghah {RegenMP Slay+4}
Stlth    ++++++++++             n - ring "Erir Azu" {*Corrode rElec rN++ EV+2 Stlth+}
HPRegen  2.16/turn              z - ring of Shadows {Umbra +Inv Stlth+}
MPRegen  0.58/turn

@: mighty, heroism, finesse, darkness (expiring), very slightly contaminated,
starving, regenerating, wreathed by umbra, studying 3 skills, quick
A: antennae 1, fangs 3, hooves 1, large bone plates 1, rugged brown scales 1,
clarity, clumsy 1, frail 1, regeneration 2, evolution 1, magic shield, antimagic
bite, no potion heal 3, rot immunity
}: 14/15 runes: decaying, slimy, silver, iron, obsidian, icy, bone, abyssal,
demonic, glowing, magical, fiery, dark, gossamer
a: Heroism, Finesse, Renounce Religion, Evoke Fog, Evoke Invisibility


You were on level 24 of a ziggurat.
You worshipped Okawaru.
Okawaru was exalted by your worship.
You were starving.

You visited 17 branches of the dungeon, and saw 84 of its levels.
You visited Pandemonium 1 time, and saw 20 of its levels.
You visited the Abyss 3 times.
You visited 1 ziggurat, and saw 24 of its levels.
You also visited: Sewer, Ossuary, Gauntlet, Ice Cave and Wizlab.

You collected 13309 gold pieces.
You spent 3262 gold pieces at shops.

Inventory:

Hand Weapons
 i - a +9 broad axe of draining
 j - a +9 sacred scourge of holy wrath (weapon)
 r - the +9 fustibalus of Greatest Utility {velocity, rPois rF+ MR++ Dex+4}
   (You took it off an entropy weaver on level 3 of the Spider Nest)

   Any stone fired from it inflicts extra damage.
   It affects your dexterity (+4).
   It protects you from fire.
   It protects you from poison.
   It affects your resistance to hostile enchantments.
 N - the +7 sceptre of Torment {pain, torment}
   (You found it on level 8 of the Dungeon)

   In the hands of one skilled in necromantic magic, it inflicts extra damage on
   living creatures.
Missiles
 H - 799 sling bullets
 R - 10 tomahawks of dispersal (quivered)
Armour
 a - the +3 warlock's mirror (worn) {reflect}
   (You found it on level 5 of the Vaults)
 k - the +2 cloak of the Thief (worn) {+Fog Slay-2 SInv Stlth+}
   (You found it in a wizard's laboratory)

   It affects your accuracy and damage with ranged weapons and melee attacks
   (-2).
   It lets you see invisible.
   It makes you more stealthy.
 l - a +2 pair of gloves of strength (worn)
 m - the +10 large shield of Ignorance {rN+ Int-4}
   (You found it on level 20 of a ziggurat)

   It affects your intelligence (-4).
   It protects you from negative energy.
 v - the -2 hat of the Alchemist (worn) {rElec rPois rF+ rC+ rN+ MR+ rMut rCorr}
   (You bought it in a shop on level 2 of the Orcish Mines)

   It protects you from fire.
   It protects you from cold.
   It insulates you from electricity.
   It protects you from poison.
   It protects you from negative energy.
   It affects your resistance to hostile enchantments.
   It provides partial protection from all sources of acid and corrosion.
   It protects you from mutation.
 C - the +7 pearl dragon scales "Pyifuaz" (worn) {rF++ rN+ rCorr SInv}
   (Okawaru gifted it to you on level 14 of the Dungeon)

   It greatly protects you from fire.
   It protects you from negative energy.
   It lets you see invisible.
   It provides partial protection from all sources of acid and corrosion.
 D - the +2 pair of boots of the Assassin {Detection Stab+ Stlth++}
   (Okawaru gifted it to you on level 3 of the Elven Halls)

   It makes you much more stealthy.
 F - the +2 hat of the Exiled Tales {rPois Int-2 Slay+6}
   (Okawaru gifted it to you on level 4 of the Lair of Beasts)

   It affects your intelligence (-2).
   It affects your accuracy and damage with ranged weapons and melee attacks
   (+6).
   It protects you from poison.
 I - the +0 cloak of an ice cave {+Blink rF+ rN++}
   (You found it in a Gauntlet)

   It protects you from fire.
   It greatly protects you from negative energy.
   It lets you blink.
 O - the +1 hat "Kuwneesk" {rC++ Int-3 Dex+4}
   (Okawaru gifted it to you on level 3 of the Vaults)

   It affects your intelligence (-3).
   It affects your dexterity (+4).
   It greatly protects you from cold.
 Z - a +2 pair of boots of running (worn)
Jewellery
 c - the ring of Iqaj {rC+ MR+ MP+9 Int+5}
   (You found it on level 17 of a ziggurat)

   [ring of magical power]

   It affects your intelligence (+5).
   It protects you from cold.
   It affects your resistance to hostile enchantments.
   It affects your magic capacity (+9).
 e - the ring "Biug" {rF+ Slay+3}
   (You found it on level 21 of a ziggurat)

   [ring of protection from fire]

   It affects your accuracy and damage with ranged weapons and melee attacks
   (+3).
   It protects you from fire.
 n - the ring "Erir Azu" (left hand) {*Corrode rElec rN++ EV+2 Stlth+}
   (You found it on level 3 of a ziggurat)

   [ring of evasion]

   It affects your evasion (+2).
   It insulates you from electricity.
   It greatly protects you from negative energy.
   It may corrode you when you take damage.
   It makes you more stealthy.
 w - the amulet of Byrghah (around neck) {RegenMP Slay+4}
   (You found it on level 7 of Tartarus)

   [amulet of magic regeneration]

   It increases your magic regeneration.
   It affects your accuracy and damage with ranged weapons and melee attacks
   (+4).
 z - the ring of Shadows (right hand) {Umbra +Inv Stlth+}
   (You found it on level 7 of Tartarus)

   [ring of stealth]

   It lets you turn invisible.
   It makes you more stealthy.
Wands
 K - a wand of digging (37)
 L - a wand of clouds (17)
 Y - a wand of scattershot (14)
Scrolls
 d - 11 scrolls of blinking
 t - 33 scrolls of teleportation
 y - 5 scrolls of fear
 A - 37 scrolls of remove curse
 G - 7 scrolls of magic mapping
 M - 13 scrolls of immolation
 T - 15 scrolls of fog
 U - 6 scrolls of silence
 W - a scroll of identify
Potions
 b - 9 potions of might
 g - 16 potions of brilliance
 o - 4 potions of berserk rage
 s - 4 potions of resistance
 u - 26 potions of curing
 x - 8 potions of mutation
 B - 13 potions of agility
 E - 15 potions of lignification
 J - 2 potions of magic
 P - 7 potions of haste
 Q - 4 potions of cancellation
 S - 3 potions of invisibility
 X - 9 potions of flight
Books
 h - a manual of Shields
 p - a manual of Shields
 q - a manual of Invocations
 V - a manual of Translocations
Comestibles
 f - 39 rations


   Skills:
 O Level 27 Fighting
   Level 0.3(5.3) Short Blades
 - Level 14.0(21.8) Axes
 - Level 15.9(22.8) Maces & Flails
 - Level 10.0(15.0) Slings
 + Level 1.5(11.5) Throwing
 + Level 18.3(23.3) Armour
 - Level 19.2(24.2) Dodging
 - Level 24.3(27) Stealth
 - Level 15.0(20.0) Shields
 * Level 24.4 Spellcasting
 + Level 17.3 Hexes
 - Level 7.0 Charms
 - Level 8.6 Summonings
 + Level 18.6 Necromancy
 + Level 21.3 Translocations
 + Level 14.6 Transmutations
 + Level 9.0 Ice Magic
 + Level 0.6 Earth Magic
 + Level 13.2 Invocations
 + Level 10.3 Evocations


You had 11 spell levels left.
You knew the following spells:

 Your Spells              Type           Power        Failure   Level  Hunger
a - Blink                 Tloc           N/A          0%          2    None
b - Darkness              Hex            ######....   1%          6    #####..
c - Passage of Golubria   Tloc           N/A          0%          4    None
d - Statue Form           Tmut/Erth      #####....    24%         6    #####..
e - Aura of Abjuration    Summ           #####.....   2%          5    ##.....
f - Regeneration          Chrm/Necr      ######....   1%          3    None
g - Summon Butterflies    Summ           #####...     1%          1    None
h - Apportation           Tloc           ######       0%          1    None
i - Controlled Blink      Tloc           N/A          3%          8    #######
j - Metabolic Englaciati  Hex/Ice        ######....   1%          5    ##.....
k - Invisibility          Hex            ######..     1%          6    #####..
l - Necromutation         Tmut/Necr      ######....   26%         8    #######
m - Discord               Hex            ######....   19%         8    #######

Your spell library contained the following spells:

 Spells                   Type           Power        Failure   Level  Hunger
 Animate Skeleton         Necr           N/A          0%          1    None
 Beastly Appendage        Tmut           ######       0%          1    None
 Confusing Touch          Hex            ######       0%          1    None
 Corona                   Hex            ######.      0%          1    None
 Pain                     Necr           ####         0%          1    None
 Corpse Rot               Necr           N/A          0%          2    None
 Shroud of Golubria       Chrm/Tloc      ######....   0%          2    None
 Slow                     Hex            ######..     0%          2    None
 Sublimation of Blood     Necr           ######....   0%          2    None
 Confuse                  Hex            ######..     0%          3    None
 Gell's Gravitas          Tloc           ######....   0%          3    None
 Lesser Beckoning         Tloc           ######....   0%          3    None
 Portal Projectile        Hex/Tloc       ######       0%          3    None
 Teleport Other           Tloc           ######..     0%          3    None
 Tukima's Dance           Hex            ######..     0%          3    None
 Vampiric Draining        Necr           ######....   0%          3    None
 Freeze                   Ice            ####         1%          1    None
 Infusion                 Chrm           ####         1%          1    None
 Summon Small Mammal      Summ           ####         1%          1    None
 Call Imp                 Summ           #####...     1%          2    None
 Ensorcelled Hibernation  Hex/Ice        ######       1%          2    None
 Passwall                 Tmut/Erth      #####...     1%          2    None
 Song of Slaying          Chrm           #####...     1%          2    None
 Swiftness                Chrm/Air       ####....     1%          2    None
 Throw Frost              Conj/Ice       ####..       1%          2    None
 Call Canine Familiar     Summ           #####...     1%          3    None
 Dazzling Spray           Conj/Hex       #####.       1%          3    None
 Ignite Poison            Fire/Tmut/Pois ####....     1%          3    None
 Inner Flame              Hex/Fire       #####...     1%          3    None
 Ozocubu's Armour         Chrm/Ice       #####...     1%          3    None
 Recall                   Summ/Tloc      N/A          1%          3    None
 Spectral Weapon          Hex/Chrm       ######..     1%          3    None
 Spider Form              Tmut/Pois      #####.....   1%          3    None
 Summon Guardian Golem    Hex/Summ       ######..     1%          3    None
 Animate Dead             Necr           N/A          1%          4    None
 Cause Fear               Hex            ######....   1%          4    None
 Force Lance              Conj/Tloc      #####...     1%          4    None
 Fulminant Prism          Conj/Hex       #####.....   1%          4    None
 Ice Form                 Ice/Tmut       ######..     1%          4    None
 Leda's Liquefaction      Hex/Erth       #####.....   1%          4    None
 Petrify                  Tmut/Erth      #####...     1%          4    None
 Summon Ice Beast         Ice/Summ       #####...     1%          4    None
 Agony                    Necr           ######..     1%          5    ##.....
 Borgnjor's Vile Clutch   Necr/Erth      #####.....   1%          5    ##.....
 Dispel Undead            Necr           ######..     1%          5    ##.....
 Excruciating Wounds      Chrm/Necr      ######....   1%          5    ##.....
 Summon Forest            Summ/Tloc      ######....   1%          5    ##.....
 Summon Mana Viper        Hex/Summ       ######..     1%          5    ##.....
 Yara's Violent Unravell  Hex/Tmut       ######....   1%          5    ##.....
 Death Channel            Necr           ######....   1%          6    #####..
 Dispersal                Tloc           ######....   1%          6    #####..
 Hydra Form               Tmut           ######....   1%          6    #####..
 Simulacrum               Ice/Necr       ######....   1%          6    #####..
 Sandblast                Erth           ###...       2%          1    None
 Bolt of Draining         Conj/Necr      #####.....   2%          5    ##.....
 Silence                  Hex/Air        #####.....   2%          5    ##.....
 Summon Demon             Summ           #####.....   2%          5    ##.....
 Flame Tongue             Conj/Fire      ###..        3%          1    None
 Magic Dart               Conj           ###.         3%          1    None
 Shock                    Conj/Air       ###.         3%          1    None
 Sting                    Conj/Pois      ###.         3%          1    None
 Disjunction              Tloc           ######....   3%          8    #######
 Alistair's Intoxication  Tmut/Pois      #####...     4%          5    ##.....
 Irradiate                Conj/Tmut      #####.....   4%          5    ##.....
 Poisonous Vapours        Pois/Air       ###...       5%          2    None
 Searing Ray              Conj           ###...       5%          2    None
 Throw Flame              Conj/Fire      ###...       5%          2    None
 Throw Icicle             Conj/Ice       ####....     5%          4    None
 Summon Lightning Spire   Summ/Air       ####....     6%          4    None
 Malign Gateway           Summ/Tloc      ######....   6%          7    ######.
 Dragon Form              Tmut           ######....   8%          7    ######.
 Stone Arrow              Conj/Erth      ###...       10%         3    None
 Conjure Flame            Conj/Fire      ###.....     11%         3    None
 Mephitic Cloud           Conj/Pois/Air  ###.....     11%         3    None
 Static Discharge         Conj/Air       ###.....     11%         3    None
 Haunt                    Necr/Summ      ######....   11%         7    ######.
 Borgnjor's Revivificati  Necr           ######....   12%         8    #######
 Infestation              Necr           ######....   12%         8    #######
 Ozocubu's Refrigeration  Ice            #####.....   13%         6    #####..
 Shadow Creatures         Summ           N/A          16%         6    #####..
 Iskenderun's Battlesphe  Conj/Chrm      ####....     24%         5    ##.....
 Airstrike                Air            ###.......   34%         4    None
 Iskenderun's Mystic Bla  Conj           ###.....     34%         4    None
 Olgreb's Toxic Radiance  Pois           ###.....     34%         4    None
 Sticky Flame             Conj/Fire      ###.....     34%         4    None
 Lee's Rapid Deconstruct  Erth           ###.......   61%         5    ##.....
 Bolt of Cold             Conj/Ice       ####......   65%         6    #####..
 Monstrous Menagerie      Summ           #####.....   65%         7    ######.
 Summon Greater Demon     Summ           #####.....   65%         7    ######.
 Summon Hydra             Summ           #####.....   65%         7    ######.
 Bolt of Magma            Conj/Fire/Erth ###.......   67%         5    ##.....
 Fireball                 Conj/Fire      ###.......   69%         5    ##.....
 Lightning Bolt           Conj/Air       ###.......   69%         5    ##.....
 Venom Bolt               Conj/Pois      ###.......   69%         5    ##.....
 Death's Door             Chrm/Necr      ######....   77%         8    #######
 Deflect Missiles         Chrm/Air       ####......   78%         6    #####..
 Freezing Cloud           Conj/Ice/Air   ####......   85%         6    #####..
 Bolt of Fire             Conj/Fire      ###.......   99%         6    #####..
 Conjure Ball Lightning   Conj/Air       ###.......   99%         6    #####..
 Iron Shot                Conj/Erth      ###.......   99%         6    #####..
 Poison Arrow             Conj/Pois      ###.......   99%         6    #####..
 Spellforged Servitor     Conj/Summ      ####......   99%         7    ######.
 Orb of Destruction       Conj           ###.......   100%        7    ######.
 Ring of Flames           Chrm/Fire      ####......   100%        7    ######.
 Chain Lightning          Conj/Air       ###.......   100%        8    #######
 Ignition                 Fire           ###.......   100%        8    #######
 Lehudib's Crystal Spear  Conj/Erth      ###.......   100%        8    #######
 Summon Horrible Things   Summ           #####.....   100%        8    #######
 Dragon's Call            Summ           #####.....   100%        9    #######
 Fire Storm               Conj/Fire      ###.......   100%        9    #######
 Glaciate                 Conj/Ice       ####......   100%        9    #######
 Shatter                  Erth           ###.......   100%        9    #######
 Tornado                  Air            ###.......   100%        9    #######


Dungeon Overview and Level Annotations

Branches:
Dungeon (15/15)            Temple (1/1) D:5            Lair (6/6) D:9
  Swamp (4/4) Lair:3       Spider (4/4) Lair:2        Slime (5/5) Lair:5
    Orc (2/2) D:11            Elf (3/3) Orc:2        Vaults (5/5) D:14
  Crypt (3/3) Vaults:2       Tomb (2/3) Crypt:3      Depths (5/5) D:15
   Hell (1/1)                 Dis (7/7) Hell            Geh (7/7) Hell
    Coc (7/7) Hell            Tar (7/7) Hell            Zot (0/5) Depths:5

Altars:
Ashenzari
Cheibriados
Dithmenos
Elyvilon
Fedhas
Gozag
Hepliaklqana
Kikubaaqudgha
Makhleb
Nemelex Xobeh
Okawaru
Qazlal
Ru
Sif Muna
Trog
Uskayaw
Vehumet
Wu Jian
Xom
Yredelemnul
Zin
The Shining One

Shops:
D:8 :   D:11 [=(((   D:12 *((   Orc:2 =(*[   Vaults:1 *   Vaults:4 [
Depths:4 ([}%[   Depths:5 }}=}

Portals:
Hell: Depths:1 Depths:2 Depths:3 Depths:4 Depths:5
Abyss: Depths:4
Pandemonium: Depths:3

Annotations:
Elf:2 1 runed translucent door, Heg Cuhi's ghost, adept MiFi
Elf:3 3 runed translucent doors, Fuonemn's ghost, veteran DDBe


Innate Abilities, Weirdness & Mutations

You have razor-sharp teeth.
You heal very quickly.
When hurt, damage is shared between your health and your magic reserves.
Your bite disrupts and absorbs the magic of your enemies.
Potions cannot restore your health.
You are immune to rotting.
You have a pair of small antennae on your head.
You have large cloven feet.
You are partially covered in large bone plates. (SH +4)
You are partially covered in rugged brown scales. (AC +1, +3% HP)
You possess an exceptional clarity of mind.
You are clumsy. (Dex -2)
You are frail. (-10% HP)
You evolve.


Message History

You block the monstrous blood saint's attack.
The monstrous blood saint misses you.
The monstrous blood saint gores you but does no damage.
The smoke demon gestures at you.
Your +3 warlock's mirror {reflect} reflects the ball of steam!
The ball of steam hits the smoke demon.
The smoke demon resists.
The ball of steam hits the gelid corrupter!!
Yhoit sneers, "Embrace thy failure, thou tasty breakfast!"
Yhoit gestures at you. The crystal spear hits you!!!
* * * LOW HITPOINT WARNING * * *
The gelid corrupter hits you from afar with a +2 antimagic demon trident.
* * * LOW HITPOINT WARNING * * *
Okay, then.
Blink to where?
Press: ? - help, Dir - move target cursor
As you read the scroll of blinking, it crumbles to dust.
The Ice Fiend gestures at you. The bolt of cold hits you! You resist.
You die...

▓▓▓▓▓▓▓▓▓▓ ▓§36§§....
▓2.§§1.... ▓&X6§2....
▓○§§16§... ▓.○°§21...
▓@.°°.........
▓.°.......2...▓▓▓▓
.....................
...........1.........
............1........
...........§.........
...............h.....
....4..........
...............


You could see Yhoit, a Tzitzimitl, an Ice Fiend, 2 green deaths, 2 demonspawn, a
monstrous blood saint, a shadow demon, a large abomination and a smoke demon.

Vanquished Creatures
  Cerebov (Pan)
  Asmodeus (Geh:7)
  Antaeus (Coc:7)
  the Royal Jelly (Slime:5)
  Ereshkigal (Tar:7)
  Gloorx Vloq (Pan)
  Lom Lobon (Pan)
  Mnoleg (Pan)
  A seraph (Pan)
  Dispater (Dis:7)
  8 ancient liches
  A juggernaut (Zig:12)
  10 pandemonium lords
  Sojobo (Depths:1)
  The ghost of Heot Zafel the Impregnable, a veteran MiGl of Hepliaklqana (Crypt:2)
  Frederick (Depths:3)
  7 greater mummies
  11 shard shrikes
  Bai Suzhen (Crypt:1)
  A caustic shrike (Zig:8)
  Xtahua (Vaults:3)
  Geryon (Hell)
  Nikola (Swamp:2)
  4 golden dragons
  2 profane servitors
  2 pearl dragons (Pan)
  16 bone dragons
  16 liches
  18 Tzitzimimeh
  5 doom hounds
  A hellephant (Abyss:5)
  8 iron giants
  24 Brimstone Fiends
  8 tentacled monstrosities
  17 Ice Fiends
  17 Hell Sentinels
  Asterion (Depths:2)
  10 deep elf blademasters
  38 acid blobs
  12 deep elf master archers
  5 eldritch tentacles
  Frances (Swamp:2)
  7 titans
  34 tentacled starspawn
  21 Executioners
  Murray (Hell)
  14 ancient champions
  11 shadow dragons
  10 storm dragons
  10 sphinxes
  Kirke (Lair:4)
  3 thorn hunters
  15 azure jellies
  3 revenants
  16 tengu reavers
  4 warmongers
  16 frost giants
  12 fire giants
  A draconian monk (Zig:11)
  2 nagarajas (Zig:9)
  9 daevas (Pan)
  15 iron dragons
  4 draconian scorchers
  5 draconian knights
  13 deep elf sorcerers
  15 vault wardens
  15 ghost moths
  23 cacodemons
  12 deep elf elementalists
  The ghost of EtherCrawl the Covert, a journeyman GnEn of Okawaru (Orc:2)
  3 orc warlords
  22 angels
  3 draconian stormcallers
  6 emperor scorpions
  40 balrugs
  3 curse skulls
  2 spriggan defenders
  14 ironheart preservers
  A caustic shrike skeleton (Zig:16)
  43 very ugly things
  22 war gargoyles
  11 ghouls
  5 draconian annihilators
  An elemental wellspring (Coc:4)
  12 blood saints
  12 vampire knights
  73 reapers
  27 stone giants
  13 deep elf demonologists
  11 entropy weavers
  3 green draconians
  2 red draconians
  4 bennus
  8 black draconians
  10 ophanim (Pan)
  4 corrupters
  11 black suns
  18 apis (Pan)
  20 deep elf annihilators
  A dire elephant (Lair:5)
  A minotaur (Gauntlet)
  A purple draconian (Zig:11)
  A white draconian (Zig:11)
  23 lorocyprocas
  8 spark wasps
  4 yellow draconians
  7 eidola
  6 crystal guardians
  15 deep elf death magi
  2 kraken zombies
  20 ettins
  11 fire dragons
  9 death oozes
  2 merfolk javelineers (Zig:23)
  16 mummy priests
  15 green deaths
  Snorg (D:14)
  17 deep elf high priests
  29 blizzard demons
  A merfolk impaler (Depths:2)
  23 yaktaur captains
  Fannar (Orc:1)
  5 quicksilver dragon skeletons
  13 great orbs of eyes
  5 naga warriors
  4 jiangshi
  34 vault guards
  4 hell beasts
  4 quicksilver dragon zombies
  A spectral kraken (Tar:7)
  Erolcha (Orc:1)
  16 ice dragons
  16 rakshasas
  2 catoblepae
  6 monstrous demonspawn
  2 merfolk avatars
  2 juggernaut simulacra (Zig:17)
  A merfolk aquamancer (Depths:2)
  15 hydras
  3 shambling mangroves
  5 death knights
  2 anacondas
  3 ghost crabs
  6 spriggan air magi
  19 centaur warriors
  2 alligator snapping turtles (Depths:2)
  6 alligators
  52 two-headed ogres
  6 death yaks
  Urug (Lair:2)
  14 death scarabs
  Erica (D:9)
  6 tengu warriors
  13 deep troll earth magi
  16 hell hogs
  16 ogre magi
  4 satyrs (Zig:23)
  8 orc high priests
  17 deep troll shamans
  42 dancing weapons
  5 vampire magi
  57 thrashing horrors
  3 spriggan berserkers
  40 deep elf knights
  5 storm dragon zombies
  55 sun demons
  A shock serpent (Zig:9)
  30 soul eaters
  9 titan zombies
  7 iron golems
  5 naga sharpshooters
  A shock serpent (shapeshifter) (Vaults:5)
  21 iron trolls
  24 wretched stars
  5 titan skeletons
  21 sixfirhies
  106 skeletal warriors
  An iron giant zombie (Crypt:1)
  2 fire crabs (shapeshifter)
  15 hell knights
  7 shadow wraiths
  11 cherubim (Pan)
  2 salamander mystics
  2 storm dragon skeletons
  12 flayed ghosts
  5 golden dragon zombies
  5 spatial maelstroms (Abyss:5)
  7 torturous demonspawn (Pan)
  41 deep trolls
  5 anaconda zombies
  28 deep elf archers
  7 infernal demonspawn
  5 gelid demonspawn
  A death drake (Tar:5)
  4 swamp dragons
  An obsidian statue (WizLab)
  An orange crystal statue (Zig:23)
  A ghost moth zombie (Dis:7)
  An anaconda skeleton (Hell)
  4 unseen horrors
  4 spriggan druids
  A naga ritualist (Zig:9)
  A spectral hydra (Swamp:4)
  15 glowing orange brains
  10 wizards
  A swamp dragon (shapeshifter) (Depths:4)
  27 shadow demons
  6 harpies
  4 golden dragon skeletons
  3 lindwurms (Depths:2)
  A lindwurm (shapeshifter) (Depths:3)
  5 shadow dragon zombies
  21 orc knights
  19 phantasmal warriors
  63 ugly things
  A harpy (shapeshifter) (Vaults:5)
  19 ironbrand convokers
  15 necromancers
  13 orc sorcerers
  34 orb spiders
  A sphinx zombie (Zig:16)
  6 fire giant zombies
  7 iron dragon zombies
  16 shining eyes
  5 wolf spider zombies
  2 manticores
  A salamander (shapeshifter) (Depths:3)
  93 deep elf magi
  2 mana vipers
  An oklob plant (Lair:6)
  3 stone giant zombies
  6 cyclopes
  4 frost giant zombies
  2 elf zombies
  A shining eye (shapeshifter) (Depths:4)
  5 fauns (Zig:23)
  6 shadow dragon skeletons
  A shock serpent zombie (Dis:1)
  53 wolf spiders
  4 stone giant skeletons
  4 salamanders
  11 moths of wrath
  A toenail golem (Abyss:1)
  28 elephants
  Maurice (D:8)
  3 frost giant skeletons
  A guardian serpent (Depths:2)
  Psyche (D:11)
  15 worldbinders
  5 fire giant skeletons
  2 human skeletons
  4 naga magi
  34 rust devils
  2 iron dragon skeletons
  6 apocalypse crabs
  6 black mambas
  6 ice statues
  47 smoke demons
  A torpor snail (shapeshifter) (Vaults:5)
  3 dire elephant zombies
  3 gargoyles (Zig:8)
  13 vault sentinels
  9 molten gargoyles
  A spiny frog (shapeshifter) (D:15)
  3 titan simulacra (Coc:7)
  6 torpor snails
  A spriggan skeleton (Zig:16)
  23 spiny frogs
  31 orange demons
  2 dire elephant skeletons
  10 spectral swamp worms (Tar:7)
  2 minotaur zombies
  2 emperor scorpion zombies
  7 eyes of devastation
  6 storm dragon simulacra (Coc:7)
  4 centaur skeletons
  4 shock serpent skeletons
  2 kobold demonologists (D:15)
  A swamp worm zombie (Swamp:4)
  8 rime drakes
  31 hellions
  16 efreet
  22 komodo dragons
  45 yaktaurs
  28 ice devils
  9 ancient zymes
  2 anaconda simulacra (IceCv)
  28 demonic crawlers
  A death yak skeleton (Crypt:1)
  27 freezing wraiths
  29 hellwings
  A black draconian skeleton (Crypt:1)
  2 golden dragon simulacra
  2 harpy zombies
  4 silent spectres
  47 tormentors
  13 trolls
  A catoblepas skeleton (Crypt:2)
  A meliai (shapeshifter) (Vaults:4)
  47 jumping spiders
  40 red devils
  20 guardian mummies
  A minotaur skeleton (Tar:7)
  2 tengu conjurers
  A queen bee (shapeshifter) (Vaults:1)
  A meliai (Zig:19)
  3 polar bears (Lair:6)
  A jumping spider (shapeshifter) (Elf:2)
  A wolf spider simulacrum (Coc:7)
  36 hornets
  A troll (shapeshifter) (Abyss:2)
  14 hydra zombies
  13 tyrant leeches
  A harpy skeleton (Crypt:1)
  A wind drake (shapeshifter) (Depths:1)
  14 bog bodies
  11 hippogriffs
  A hornet (shapeshifter) (Elf:2)
  30 blink frogs
  A dream sheep (shapeshifter) (Depths:4)
  44 raiju
  A wind drake (Lair:6)
  129 slime creatures
  A hippogriff (shapeshifter) (Vaults:5)
  5 alligator zombies
  4 ettin zombies
  4 ice dragon zombies
  2 hydra skeletons
  A meliai zombie (D:15)
  3 spectral swamp dragons (Swamp:4)
  4 fire dragon zombies
  2 black mamba zombies
  125 flying skulls
  34 ynoxinuls
  16 shadows
  7 ushabtiu
  70 yaks
  5 air elementals
  108 starcursed masses
  4 fire dragon skeletons
  96 redbacks
  An ettin skeleton (Crypt:3)
  44 tarantellas
  An alligator skeleton (Crypt:3)
  4 ice dragon skeletons
  5 vampires
  20 spriggans
  11 water elementals
  4 wyverns
  A basilisk (shapeshifter) (Abyss:3)
  9 fire bats
  A redback (shapeshifter) (Vaults:5)
  21 wraiths
  3 dire elephant simulacra (IceCv)
  95 large abominations
  10 golden eyes
  3 basilisks
  2 hogs (Lair:4)
  23 humans
  5 hungry ghosts
  Grum (D:10)
  An orc simulacrum (Vaults:1)
  30 neqoxecs
  A black mamba skeleton (Pan)
  41 chaos spawn
  20 fire elementals
  19 vampire mosquitoes
  Menkaure (D:6)
  A harpy simulacrum (Abyss:5)
  9 spatial vortices
  18 insubstantial wisps
  13 swamp worms
  A naga (Zig:9)
  42 small abominations
  A naga (shapeshifter) (Abyss:5)
  5 spiny frog zombies
  2 acid dragons
  12 wargs
  2 soldier ants
  12 water moccasins
  2 floating eyes
  65 hell hounds
  11 porcupines
  10 swamp drakes
  A hydra simulacrum (Coc:7)
  13 eyes of draining
  22 ice beasts
  56 orc warriors
  3 spiny frog skeletons
  4 sky beasts
  4 black bears
  17 phantoms
  2 black bears (shapeshifter)
  4 snapping turtle zombies
  5 ettin simulacra
  19 necrophages
  5 swamp dragon zombies
  3 manticore zombies
  49 ogres
  19 boggarts
  4 snapping turtle skeletons
  A swamp dragon skeleton (Tar:7)
  A dream sheep skeleton (Crypt:1)
  A manticore skeleton (Tar:5)
  19 wolves
  14 centaurs
  A crocodile (shapeshifter) (Depths:3)
  20 crocodiles
  5 big kobolds
  24 bullfrogs
  A bullfrog (shapeshifter) (Elf:1)
  A glowing shapeshifter simulacrum (Zig:17)
  A tengu simulacrum (Depths:1)
  A water moccasin zombie (D:8)
  9 earth elementals
  2 elf skeletons (Crypt:2)
  4 scorpions
  11 killer bees
  36 wights
  An elf simulacrum (Vaults:3)
  2 spriggan zombies
  10 howler monkeys
  A vampire bat (Orc:2)
  6 electric eels
  19 crimson imps
  4 quasits
  6 centaur zombies
  5 hounds
  4 jellies
  12 orc priests
  3 bullfrog skeletons
  34 iron imps
  Terence (D:3)
  10 iguanas
  23 orc wizards
  3 spectral swamp drakes (Swamp:4)
  3 worker ants
  6 hell rats (Lair:2)
  An ogre zombie (Crypt:2)
  A big kobold zombie (Ossuary)
  A hound zombie (D:9)
  34 mummies
  5 gnolls
  7 adders
  A swamp drake zombie (Swamp:4)
  A swamp drake skeleton (Crypt:1)
  7 shadow imps
  16 white imps
  4 ufetubi
  2 oozes (D:6)
  An adder zombie (D:7)
  5 worms
  2 dart slugs
  5 leopard geckos
  77 orcs
  A ball python (D:3)
  8 bats
  7 giant cockroaches
  8 hobgoblins
  2 jackals (Sewer)
  6 quokkas
  5 frilled lizards
  A giant cockroach zombie (D:6)
  11 goblins
  6 hobgoblin zombies
  A jackal skeleton (D:4)
  19 kobolds
  A kobold simulacrum (Abyss:1)
  3 kobold zombies
  2 orc zombies
  A quokka skeleton (D:9)
  A quokka zombie (D:8)
  4 rats
  A river rat skeleton (Crypt:1)
  A briar patch (Swamp:2)
  A fire vortex (Pan)
  A fungus (Lair:6)
  5 lurking horrors
  A plant (Depths:1)
  39 starspawn tentacles
  7 tentacles
5553 creatures vanquished.

Vanquished Creatures (others)
  A Tzitzimitl (Tar:2)
  9 deep elf master archers
  3 eldritch tentacles
  A fire giant (Depths:3)
  A stone giant (Depths:2)
  A deep elf demonologist (Zig:22)
  A deep elf annihilator (Pan)
  2 blizzard demons
  2 merfolk javelineers (Zig:23)
  2 yaktaur captains (Zig:23)
  3 satyrs (Zig:23)
  2 centaur warriors (Zig:23)
  A hell hog (Abyss:5)
  A thrashing horror (Abyss:5)
  A naga sharpshooter (Zig:23)
  2 deep elf knights
  A glowing orange brain (Pan)
  A deep elf archer (Vaults:5)
  4 deep elf magi
  An orb spider (Zig:19)
  A faun (Zig:23)
  A cyclops (D:15)
  A black mamba (Zig:9)
  An ice statue (Zig:23)
  A dire elephant skeleton (Geh:5)
  A rime drake (Zig:17)
  A hellion (Geh:7)
  3 yaktaurs (Zig:23)
  A spiny frog (Swamp:4)
  A hellwing (Depths:1)
  A red devil (Pan)
  A tengu conjurer (Depths:3)
  A tyrant leech (Swamp:4)
  A bog body (Swamp:2)
  5 blink frogs (Swamp:4)
  A redback (Spider:4)
  2 flying skulls (Crypt:3)
  A ynoxinul (Zig:21)
  A human (Lair:4)
  A golden eye (Abyss:5)
  2 vampire mosquitoes (Swamp:2)
  A swamp worm (Swamp:2)
  An orc warrior (Vaults:2)
  An ogre (Vaults:5)
  2 centaurs
  A snapping turtle skeleton (Geh:6)
  An elf skeleton (Geh:7)
  3 small abominations
  2 crimson imps (Geh:7)
  An iron imp (Dis:7)
  2 orc wizards
  A troll simulacrum (Abyss:3)
  3 ball lightnings
  4 briar patches (Swamp:4)
  14 demonic plants (Gauntlet)
  22 fungi
  6 lurking horrors
  26 plants
  69 starspawn tentacles
  24 tentacles
  5 toadstools (D:1)
258 creatures vanquished.

Grand Total: 5811 creatures vanquished

Notes
Turn   | Place    | Note
-------+----------+-------------------------------------------
     0 | D:1      | Kairos the Vine Stalker Warper began the quest for the Orb.
     0 | D:1      | Reached XP level 1. HP: 11/11 MP: 4/4
   199 | D:1      | Reached XP level 2. HP: 12/15 MP: 6/6
   540 | D:2      | Reached XP level 3. HP: 12/18 MP: 7/7
   553 | D:2      | Reached skill level 1 in Armour
  1215 | D:3      | Found a bloodstained altar of Trog.
  1246 | D:3      | Found a stormy altar of Qazlal.
  1246 | D:3      | Found a glowing silver altar of Zin.
  1246 | D:3      | Found a shadowy altar of Dithmenos.
  1260 | D:3      | Reached skill level 2 in Fighting
  1260 | D:3      | Gained mutation: Your natural rate of healing is unusually
                  | fast. [Vine Stalker growth]
  1260 | D:3      | Reached XP level 4. HP: 14/23 MP: 8/8
  1523 | D:3      | Noticed Terence
  1536 | D:3      | Killed Terence
  1536 | D:3      | Reached skill level 1 in Maces & Flails
  1551 | D:3      | Found a glowing drain.
  1570 | D:3      | Reached XP level 5. HP: 23/26 MP: 9/9
  1579 | D:3      | Reached skill level 1 in Throwing
  1586 | Sewer    | Entered a sewer
  1656 | Sewer    | Noticed a crocodile
  1664 | Sewer    | Killed a crocodile
  1774 | D:3      | Reached skill level 1 in Stealth
  1775 | D:3      | Reached XP level 6. HP: 29/32 MP: 11/11
  1853 | D:3      | Found a glowing golden altar of the Shining One.
  2320 | D:4      | Found a radiant altar of Vehumet.
  2321 | D:4      | Found a burning altar of Makhleb.
  2382 | D:4      | Found a sand-covered staircase.
  2395 | Ossuary  | Entered an ossuary
  2595 | Ossuary  | Reached XP level 7. HP: 30/35 MP: 12/12
  2703 | Ossuary  | Gained mutation: You have a pair of small antennae on your
                  | head. [potion of mutation]
  2703 | Ossuary  | Gained mutation: You are dopey. (Int -2) [potion of
                  | mutation]
  2703 | Ossuary  | Gained mutation: You are partially covered in large bone
                  | plates. (SH +4) [potion of mutation]
  2827 | D:5      | Entered Level 5 of the Dungeon
  2981 | D:5      | Reached skill level 3 in Fighting
  3029 | D:5      | Found a staircase to the Ecumenical Temple.
  3071 | Temple   | Entered the Ecumenical Temple
  3391 | D:5      | Learned a level 2 spell: Blink
  3787 | D:5      | Found an ancient bone altar of Kikubaaqudgha.
  3787 | D:5      | Found a blossoming altar of Fedhas.
  3944 | D:5      | Found an iron altar of Okawaru.
  3952 | D:5      | Became a worshipper of Warmaster Okawaru
  4303 | D:5      | Gained mutation: You have razor-sharp teeth. [Vine Stalker
                  | growth]
  4303 | D:5      | Reached XP level 8. HP: 34/40 MP: 14/14
  4377 | D:6      | Reached * piety under Okawaru
  4406 | D:6      | Got a warped chain mail
  4417 | D:6      | Identified the +4 chain mail of the Devil's Advocate {rPois
                  | rCorr Int-3} (You found it on level 6 of the Dungeon)
  4481 | D:6      | Noticed Menkaure
  4486 | D:6      | Killed Menkaure
  4816 | D:6      | Reached ** piety under Okawaru
  4816 | D:6      | Reached skill level 1 in Invocations
  5130 | D:7      | Reached skill level 4 in Fighting
  5130 | D:7      | Reached XP level 9. HP: 45/45 MP: 16/16
  5317 | D:7      | Reached skill level 5 in Maces & Flails
  5920 | D:7      | Reached skill level 5 in Armour
  6146 | D:8      | Found the +7 sceptre of Torment {pain, torment}
  6146 | D:8      | Noticed a two-headed ogre
  6257 | D:8      | Noticed Maurice
  6264 | D:8      | Killed a two-headed ogre
  6264 | D:8      | Reached *** piety under Okawaru
  6272 | D:8      | Killed Maurice
  6272 | D:8      | Reached skill level 5 in Stealth
  6272 | D:8      | Reached XP level 10. HP: 43/51 MP: 17/17
  6320 | D:8      | Found Lumuywec's Book Shoppe.
  6340 | D:8      | Found a hide-covered altar of Uskayaw.
  6462 | D:8      | Reached **** piety under Okawaru
  6467 | D:8      | Reached skill level 5 in Fighting
  6950 | D:9      | Found a basalt altar of Yredelemnul.
  7077 | D:9      | Received a gift from Okawaru
  7264 | D:9      | Reached skill level 5 in Spellcasting
  7359 | D:9      | Noticed Erica
  7363 | D:9      | Noticed a death yak
  7363 | D:9      | Noticed a death yak
  7363 | D:9      | Noticed a death yak
  7363 | D:9      | Noticed a death yak
  7363 | D:9      | Noticed a death yak
  7470 | D:9      | Noticed a two-headed ogre
  7477 | D:9      | Killed a two-headed ogre
  7837 | D:9      | Reached ***** piety under Okawaru
  7847 | D:9      | Found a staircase to the Lair.
  7900 | D:9      | Found a blossoming altar of Fedhas.
  7906 | D:9      | Reached XP level 11. HP: 53/56 MP: 19/19
  8183 | D:9      | Killed Erica
  8303 | Lair:1   | Entered Level 1 of the Lair of Beasts
  8355 | Lair:1   | Received a gift from Okawaru
  8602 | Lair:1   | Reached skill level 6 in Fighting
  9137 | Lair:2   | Found a hole to the Spider Nest.
  9266 | Lair:2   | Noticed Urug
  9297 | Lair:2   | Killed Urug
  9604 | Lair:2   | Gained mutation: You heal very quickly. [Vine Stalker
                  | growth]
  9604 | Lair:2   | Reached XP level 12. HP: 55/62 MP: 21/21
  9796 | Lair:2   | Got a faintly glowing ring mail
  9797 | Lair:2   | Identified the +2 ring mail of the Planets {*Slow Str+5
                  | Int+5} (You found it on level 2 of the Lair of Beasts)
 10034 | Lair:2   | You fall through a shaft!
 10048 | Lair:3   | Received a gift from Okawaru
 10308 | Lair:2   | Reached skill level 5 in Invocations
 10353 | Lair:2   | Reached skill level 5 in Dodging
 10569 | Lair:2   | Reached skill level 7 in Fighting
 10672 | Lair:3   | Noticed a seven-headed hydra
 10706 | Lair:3   | Killed a seven-headed hydra
 10769 | Lair:3   | Reached skill level 10 in Maces & Flails
 10830 | Lair:3   | Found a staircase to the Swamp.
 11058 | Lair:3   | Reached ****** piety under Okawaru
 11370 | Lair:4   | Noticed a five-headed hydra
 11420 | Lair:4   | Received a gift from Okawaru
 11420 | Lair:4   | Reached XP level 13. HP: 49/67 MP: 23/23
 11437 | Lair:4   | Got a bloodstained hat {god gift}
 11443 | Lair:4   | Identified the +2 hat of the Exiled Tales {rPois Int-2
                  | Slay+6} (Okawaru gifted it to you on level 4 of the Lair of
                  | Beasts)
 11819 | Lair:4   | Noticed Kirke
 11828 | Lair:4   | Killed Kirke
 11828 | Lair:4   | Reached skill level 8 in Fighting
 11941 | Lair:4   | You fall through a shaft!
 11968 | Lair:5   | Learned a level 2 spell: Slow
 11999 | Lair:5   | Noticed a dire elephant
 12046 | Lair:5   | Killed a dire elephant
 12046 | Lair:5   | Received a gift from Okawaru
 12051 | Lair:5   | Got a pair of warped boots {god gift}
 12057 | Lair:5   | Identified the +2 pair of boots of Time Monsters {MR++}
                  | (Okawaru gifted it to you on level 5 of the Lair of Beasts)
 12247 | Lair:5   | Reached XP level 14. HP: 69/74 MP: 26/26
 12601 | Lair:5   | Found a staircase to the Slime Pits.
 12884 | Lair:6   | Entered Level 6 of the Lair of Beasts
 13043 | Lair:6   | Found a gate leading to a gauntlet.
 13079 | Gauntlet | Entered a Gauntlet
 13079 | Gauntlet | Found a transporter.
 13079 | Gauntlet | Found a large runed translucent door.
 13079 | Gauntlet | Found a large runed translucent door.
 13079 | Gauntlet | Found a large runed translucent door.
 13079 | Gauntlet | Found a large runed translucent door.
 13079 | Gauntlet | Found a runed translucent door.
 13079 | Gauntlet | Found a runed translucent door.
 13079 | Gauntlet | Found a large runed translucent door.
 13079 | Gauntlet | Found a large runed translucent door.
 13079 | Gauntlet | Found a large runed translucent door.
 13079 | Gauntlet | Found a large runed translucent door.
 13079 | Gauntlet | Found a large runed translucent door.
 13079 | Gauntlet | Found a large runed translucent door.
 13080 | Gauntlet | Found a large runed translucent door.
 13080 | Gauntlet | Found a large runed translucent door.
 13091 | Gauntlet | Found a transporter.
 13104 | Gauntlet | Found a transporter.
 13109 | Gauntlet | Found a transporter.
 13126 | Gauntlet | Found a transporter.
 13144 | Gauntlet | Found a transporter.
 13156 | Gauntlet | Found a transporter.
 13162 | Gauntlet | Found a transporter.
 13177 | Gauntlet | Found a transporter.
 13189 | Gauntlet | Found a transporter.
 13195 | Gauntlet | Found a transporter.
 13210 | Gauntlet | Found a transporter.
 13227 | Gauntlet | Found a transporter.
 13247 | Gauntlet | Found a transporter.
 13265 | Gauntlet | Found a large runed translucent door.
 13266 | Gauntlet | Found a large runed translucent door.
 13270 | Gauntlet | Found a runed translucent gate.
 13270 | Gauntlet | Found a runed translucent gate.
 13270 | Gauntlet | Found a runed translucent gate.
 13272 | Gauntlet | Found a transporter.
 13274 | Gauntlet | Found a transporter.
 13280 | Gauntlet | Found a large runed translucent door.
 13281 | Gauntlet | Found a large runed translucent door.
 13294 | Gauntlet | Found a transporter.
 13386 | Gauntlet | Found a transporter.
 13603 | Gauntlet | Reached skill level 9 in Fighting
 13620 | Gauntlet | Got a scorched steel amulet
 13623 | Gauntlet | Identified the amulet of Uwou {+Rage rF++ Str-3 Dex+4
                  | Slay+2} (You found it in a Gauntlet)
 13678 | Gauntlet | Got a spiked cloak
 13689 | Gauntlet | Identified the cursed +0 cloak of an ice cave {+Blink rF+
                  | rN++} (You found it in a Gauntlet)
 13703 | Gauntlet | Identified the +7 trident of Dishonour {flame, Fragile +Fly
                  | rPois SInv}
 13704 | Gauntlet | Found the +3 crown of Dyrovepreva {rElec Int+2 SInv}
 14128 | Lair:6   | Received a gift from Okawaru
 14183 | Lair:6   | Learned a level 4 spell: Passage of Golubria
 14190 | Lair:6   | Learned a level 6 spell: Statue Form
 14352 | Lair:6   | Reached skill level 10 in Stealth
 14811 | Lair:6   | Got a citrine-encrusted chain mail
 14822 | Lair:6   | Identified the +5 chain mail of Card Tricks {-Tele rElec
                  | MP+9 Dex+2} (You found it on level 6 of the Lair of Beasts)
 14925 | Lair:6   | Reached XP level 15. HP: 70/79 MP: 28/28
 15168 | Spider:1 | Entered Level 1 of the Spider Nest
 15199 | Spider:1 | Reached skill level 10 in Armour
 15299 | Spider:1 | Received a gift from Okawaru
 16091 | Spider:2 | Found a frozen archway.
 16108 | Spider:2 | Reached skill level 10 in Fighting
 16120 | IceCv    | Entered an ice cave
 16154 | IceCv    | Got a fine dagger
 16366 | IceCv    | Identified the +1 dagger of Suup Zukh {freeze, Dex+5} (You
                  | found it in an ice cave)
 16404 | IceCv    | Received a gift from Okawaru
 16617 | IceCv    | Got an ichor-stained plate armour
 16628 | IceCv    | Identified the +0 plate armour of Protective Custody {rF++
                  | rC- rCorr Stlth+} (You found it in an ice cave)
 16723 | Spider:2 | Reached skill level 1 in Evocations
 17213 | Spider:2 | Noticed an emperor scorpion
 17224 | Spider:2 | Killed an emperor scorpion
 17352 | Spider:2 | Reached XP level 16. HP: 77/85 MP: 29/29
 17422 | Spider:2 | Received a gift from Okawaru
 17753 | Spider:3 | Identified the +9 fustibalus of Greatest Utility {velocity,
                  | rPois rF+ MR++ Dex+4}
 18118 | Spider:4 | Entered Level 4 of the Spider Nest
 18170 | Spider:3 | Received a gift from Okawaru
 18437 | Spider:4 | Reached skill level 1 in Shields
 18983 | Spider:4 | Reached skill level 11 in Fighting
 19027 | Spider:4 | Reached XP level 17. HP: 70/91 MP: 12/31
 19037 | Spider:4 | Reached skill level 15 in Maces & Flails
 19485 | Spider:4 | Received a gift from Okawaru
 19518 | Spider:4 | Got a faintly glowing battleaxe {god gift}
 19524 | Spider:4 | Identified the +4 battleaxe of the Tired Queens {chop,
                  | *Corrode +Fly Dex-2 SInv} (Okawaru gifted it to you on
                  | level 4 of the Spider Nest)
 19559 | Spider:4 | Got a gossamer rune of Zot
 20264 | Lair:3   | Learned a level 6 spell: Simulacrum
 20275 | Swamp:1  | Entered Level 1 of the Swamp
 21216 | Swamp:2  | Reached skill level 1 in Necromancy
 21379 | Swamp:2  | Noticed a tentacled monstrosity
 21394 | Swamp:2  | Killed a tentacled monstrosity
 21596 | Swamp:2  | Noticed Nikola
 21609 | Swamp:2  | Killed Nikola
 21609 | Swamp:2  | Received a gift from Okawaru
 21617 | Swamp:2  | Noticed Frances
 22028 | Swamp:2  | Killed Frances
 22360 | Swamp:3  | Reached skill level 1 in Slings
 22921 | Swamp:4  | Entered Level 4 of the Swamp
 22941 | Swamp:4  | Reached XP level 18. HP: 87/97 MP: 32/32
 23314 | Swamp:4  | Reached skill level 12 in Fighting
 23510 | Swamp:4  | Received a gift from Okawaru
 23895 | Swamp:4  | Noticed a bone dragon
 23927 | Swamp:4  | Killed a bone dragon
 24041 | Swamp:4  | Got a decaying rune of Zot
 24332 | D:10     | Entered Level 10 of the Dungeon
 24655 | D:10     | Noticed Grum
 24672 | D:10     | Killed Grum
 25470 | D:11     | Found a staircase to the Orcish Mines.
 25595 | D:11     | Found Haturur's Weapon Boutique.
 25600 | D:11     | Bought a +4 demon whip of venom for 520 gold pieces
 25610 | D:11     | Noticed Psyche
 25624 | D:11     | Killed Psyche
 25836 | D:11     | Found Coybruv's Armour Shoppe.
 26136 | D:11     | Found Teicomniaw's Weapon Boutique.
 26318 | D:11     | Found Kikhleleo's Jewellery Emporium.
 26323 | D:11     | Bought an uncursed ring of see invisible for 225 gold
                  | pieces
 26479 | D:11     | Found Tiagodar's Antique Weapon Boutique.
 26614 | Orc:1    | Entered Level 1 of the Orcish Mines
 26626 | Orc:1    | Noticed Fannar
 26641 | Orc:1    | Killed Fannar
 26654 | Orc:1    | Noticed Erolcha
 26666 | Orc:1    | Killed Erolcha
 26927 | Orc:1    | You fall through a shaft!
 26927 | Orc:2    | Entered Level 2 of the Orcish Mines
 26927 | Orc:2    | Found Fuwneowu's Antique Weapon Emporium.
 26993 | Orc:2    | Found Roanuedel's Antique Armour Shoppe.
 27003 | Orc:2    | Received a gift from Okawaru
 27027 | Orc:2    | Identified the +7 battleaxe "Xestrivula" {speed, rPois rN+
                  | Str+4 Int+2} (Okawaru gifted it to you on level 2 of the
                  | Orcish Mines)
 27106 | Orc:2    | Found a staircase to the Elven Halls.
 27209 | Orc:2    | Found Juha's General Store.
 27381 | Orc:2    | Found Aximut's Jewellery Boutique.
 27535 | Orc:2    | Found a large runed translucent door.
 27535 | Orc:2    | Found a large runed translucent door.
 27537 | Orc:2    | Noticed EtherCrawl's ghost (journeyman GnEn)
 27544 | Orc:2    | Reached XP level 19. HP: 96/102 MP: 33/33
 27723 | Orc:2    | Bought the -2 hat of the Alchemist {rElec rPois rF+ rC+ rN+
                  | MR+ rMut rCorr} for 1368 gold pieces
 27723 | Orc:2    | Found the -2 hat of the Alchemist {rElec rPois rF+ rC+ rN+
                  | MR+ rMut rCorr}
 27770 | Elf:1    | Entered Level 1 of the Elven Halls
 28177 | Elf:1    | Reached skill level 5 in Necromancy
 28181 | Elf:1    | Reached skill level 10 in Dodging
 28186 | Elf:1    | Received a gift from Okawaru
 28323 | Elf:1    | Reached skill level 5 in Slings
 29149 | Elf:2    | Received a gift from Okawaru
 29186 | Elf:2    | Identified the +3 hunting sling "Margh" {freeze, rC+}
                  | (Okawaru gifted it to you on level 2 of the Elven Halls)
 29233 | Elf:2    | Found a runed translucent gate.
 29235 | Elf:2    | Found a runed translucent gate.
 29237 | Elf:2    | Found a runed translucent gate.
 29344 | Elf:2    | Found a runed translucent door.
 29345 | Elf:2    | Noticed Heg Cuhi's ghost (adept MiFi)
 29419 | Elf:2    | Found an ancient bone altar of Kikubaaqudgha.
 29792 | Elf:2    | Received a gift from Okawaru
 30470 | Elf:3    | Entered Level 3 of the Elven Halls
 30681 | Elf:3    | Found a runed translucent gate.
 30681 | Elf:3    | Found a runed translucent gate.
 30682 | Elf:3    | Found a runed translucent gate.
 30682 | Elf:3    | Noticed Fuonemn's ghost (veteran DDBe)
 30740 | Elf:3    | Received a gift from Okawaru
 30743 | Elf:3    | Identified the +1 hunting sling of Fiamacaq {velocity, MR-
                  | Int+3} (Okawaru gifted it to you on level 3 of the Elven
                  | Halls)
 30817 | Elf:3    | Reached skill level 13 in Fighting
 30882 | Elf:3    | Reached XP level 20. HP: 109/109 MP: 34/34
 31289 | Elf:3    | Received a gift from Okawaru
 31780 | Elf:3    | Identified the amulet "Niech" {Gourm rF- Int+4 SInv Stlth+}
 31787 | Elf:3    | Identified the cursed +2 war axe "Syximup" {freeze, rElec
                  | rPois MR++ Dex+3}
 31809 | Elf:3    | Reached skill level 15 in Stealth
 31993 | Elf:3    | Reached skill level 10 in Spellcasting
 32173 | Elf:3    | Received a gift from Okawaru
 32174 | Elf:3    | Found the +2 pair of boots of the Assassin {Detection Stab+
                  | Stlth++}
 32552 | Elf:3    | Found the +6 arbalest "Damnation" {damnation}
 32561 | Elf:3    | Noticed a Brimstone Fiend
 32568 | Elf:3    | Identified the Almanac of Creative Stolen Souls
 32649 | Elf:3    | Identified the ring of the Clam {Ice rPois rN++ Int-4
                  | Dex+3} (You found it on level 3 of the Elven Halls)
 32656 | Elf:3    | Got a pair of ancient boots
 32667 | Elf:3    | Identified the +0 pair of boots of the Monkey's Uncle
                  | {rF+++ MR- rCorr Stlth+} (You found it on level 3 of the
                  | Elven Halls)
 32745 | Elf:3    | Got a steaming great mace
 32746 | Elf:3    | Identified the +2 great mace of Innir {holy, +Fly} (You
                  | found it on level 3 of the Elven Halls)
 33111 | Orc:2    | Killed EtherCrawl's ghost
 33124 | Orc:2    | Got a warped chain mail
 33135 | Orc:2    | Identified the +8 chain mail "Fiucluxu" {rElec rN+ Int+4}
                  | (You found it on level 2 of the Orcish Mines)
 33236 | Orc:2    | Bought a scroll of blinking for 135 gold pieces
 33301 | D:11     | Bought the ring "Vusiaxonu" {MP+9 Int+3} for 499 gold
                  | pieces
 33301 | D:11     | Bought a cursed -5 ring of strength for 30 gold pieces
 33648 | D:12     | Found Kishrih's Weapon Shoppe.
 33893 | D:12     | Found Waiwk's Weapon Boutique.
 33922 | D:12     | Found Raddokk's Assorted Antiques.
 34171 | D:13     | Learned a level 3 spell: Regeneration
 34178 | D:13     | Got a scorched morningstar
 34179 | D:13     | Identified the +4 morningstar of Tenacity {crush, rElec rC+
                  | Int-5 Dex+4} (You found it on level 13 of the Dungeon)
 34835 | D:14     | Noticed Snorg
 34845 | D:14     | Killed Snorg
 34845 | D:14     | Reached XP level 21. HP: 114/114 MP: 36/36
 34873 | D:14     | Received a gift from Okawaru
 35071 | D:14     | Reached skill level 1 in Charms
 35326 | D:14     | Received a gift from Okawaru
 35355 | D:14     | Got polished pearl dragon scales {god gift}
 35366 | D:14     | Identified the +7 pearl dragon scales "Pyifuaz" {rF++ rN+
                  | rCorr SInv} (Okawaru gifted it to you on level 14 of the
                  | Dungeon)
 35407 | D:14     | Found a gate to the Vaults.
 36021 | Vaults:1 | Entered Level 1 of the Vaults
 36190 | Vaults:1 | Found Faessel's General Store.
 36598 | Vaults:1 | Received a gift from Okawaru
 36780 | Vaults:1 | Received a gift from Okawaru
 37496 | Vaults:2 | Found a staircase to the Crypt.
 37496 | Vaults:2 | Found a basalt altar of Yredelemnul.
 37497 | Vaults:2 | Found an ancient bone altar of Kikubaaqudgha.
 37535 | Vaults:2 | Reached skill level 5 in Axes
 37648 | Vaults:2 | Received a gift from Okawaru
 37663 | Vaults:2 | Reached XP level 22. HP: 44/119 MP: 27/38
 37682 | Vaults:2 | Reached skill level 14 in Fighting
 37786 | Vaults:2 | Identified the +1 dire flail of Radicalism {flame, Str+4
                  | Int-5 Dex+4} (Okawaru gifted it to you on level 2 of the
                  | Vaults)
 39018 | Vaults:3 | Received a gift from Okawaru
 39157 | Vaults:3 | Learned a level 1 spell: Summon Butterflies
 39434 | Vaults:3 | Received a gift from Okawaru
 39438 | Vaults:3 | Got an encrusted hat {god gift}
 39449 | Vaults:3 | Identified the +1 hat "Kuwneesk" {rC++ Int-3 Dex+4}
                  | (Okawaru gifted it to you on level 3 of the Vaults)
 39704 | Vaults:3 | Noticed Xtahua
 39726 | Vaults:3 | Killed Xtahua
 39809 | Vaults:3 | Reached skill level 10 in Necromancy
 39928 | Vaults:3 | Reached skill level 1 in Summonings
 40179 | Vaults:4 | Reached XP level 23. HP: 118/125 MP: 39/39
 40203 | Vaults:4 | Received a gift from Okawaru
 40786 | Vaults:4 | Received a gift from Okawaru
 40920 | Vaults:4 | Found Womedo Inih's Armour Shop.
 41071 | Vaults:5 | Entered Level 5 of the Vaults
 41114 | Vaults:5 | Reached skill level 15 in Fighting
 41123 | Vaults:4 | Received a gift from Okawaru
 41228 | Vaults:5 | Received a gift from Okawaru
 41402 | Vaults:5 | Identified the ring "Vezxu" {rElec rF+ Str+3 Int-5} (You
                  | found it on level 5 of the Vaults)
 41528 | Vaults:5 | Received a gift from Okawaru
 41528 | Vaults:5 | Reached skill level 5 in Summonings
 41532 | Vaults:5 | Reached skill level 5 in Charms
 41532 | Vaults:5 | Reached XP level 24. HP: 126/132 MP: 40/40
 41672 | Vaults:5 | Paralysed by a floating eye for 4 turns
 41869 | Vaults:5 | Received a gift from Okawaru
 42051 | Vaults:5 | Found the +3 warlock's mirror {reflect}
 42054 | Vaults:5 | Noticed an ancient lich
 42056 | Vaults:5 | Noticed an ancient lich
 42057 | Vaults:5 | Found the +3 robe of Clouds {+Thunder rCloud rElec}
 42079 | Vaults:5 | Killed an ancient lich
 42088 | Vaults:5 | Killed an ancient lich
 42088 | Vaults:5 | Received a gift from Okawaru
 42094 | Vaults:5 | Reached skill level 16 in Fighting
 42132 | Vaults:5 | Identified the ring "Yxyisif" {rF+ Dex+2} (You found it on
                  | level 5 of the Vaults)
 42202 | Vaults:5 | Received a gift from Okawaru
 42312 | Vaults:5 | Got a silver rune of Zot
 42324 | Vaults:5 | Identified the cursed +0 plate armour of Lahaott {rPois
                  | Str+4} (You found it on level 5 of the Vaults)
 42441 | Vaults:5 | Identified the +5 mace of Yredelemnul's Pride {venom, rPois
                  | rF+ MR- MP+9}
 42568 | Vaults:5 | Identified the +5 dire flail of Dullness {holy, +Blink}
 42591 | Vaults:5 | Received a gift from Okawaru
 42884 | Vaults:5 | Learned a level 1 spell: Apportation
 43031 | D:15     | Entered Level 15 of the Dungeon
 43097 | D:15     | Received a gift from Okawaru
 43133 | D:15     | Found a staircase to the Depths.
 43149 | D:15     | Reached XP level 25. HP: 137/137 MP: 41/41
 43372 | D:15     | Reached skill level 1 in Transmutations
 43415 | D:15     | Reached skill level 10 in Axes
 43852 | Depths:1 | Entered Level 1 of the Depths
 43893 | Depths:1 | Noticed Sojobo
 43911 | Depths:1 | Killed Sojobo
 44021 | Depths:1 | Found a gateway to Hell.
 44263 | Depths:1 | Found a shattered altar of Ashenzari.
 44280 | Depths:1 | Received a gift from Okawaru
 44630 | Depths:2 | Found a large runed translucent door.
 44631 | Depths:2 | Found a large runed translucent door.
 44748 | Depths:2 | Found a magical portal.
 44760 | WizLab   | Entered The Roulette of Golubria
 44760 | WizLab   | Found a transporter.
 44769 | WizLab   | Found a corrupted altar of Lugonu.
 44798 | WizLab   | Found a transporter.
 44798 | WizLab   | Found a transporter.
 44827 | WizLab   | Found a transporter.
 44874 | WizLab   | Found a transporter.
 44963 | WizLab   | Found the +2 cloak of the Thief {+Fog Slay-2 SInv Stlth+}
 45035 | WizLab   | Found a transporter.
 45035 | WizLab   | Found a transporter.
 45288 | WizLab   | Found a corrupted altar of Lugonu.
 45292 | WizLab   | Found a corrupted altar of Lugonu.
 45358 | WizLab   | Found a transporter.
 45358 | WizLab   | Found a transporter.
 45387 | WizLab   | Found a transporter.
 45387 | WizLab   | Found a transporter.
 45416 | WizLab   | Found a transporter.
 45418 | WizLab   | Found a transporter.
 45437 | WizLab   | Got a jewelled cloak
 45448 | WizLab   | Identified the -2 cloak of Wedecwixt {Int+2} (You found it
                  | in a wizard's laboratory)
 45465 | WizLab   | Identified Sif Muna's Handbook of the Voyage
 45494 | WizLab   | Got a bloodstained cloak
 45505 | WizLab   | Identified the +0 cloak of Isesm {Str+4} (You found it in a
                  | wizard's laboratory)
 45553 | WizLab   | Found a transporter.
 45553 | WizLab   | Found a transporter.
 45590 | WizLab   | Learned a level 8 spell: Controlled Blink
 45621 | WizLab   | Found a transporter.
 45665 | WizLab   | Found a transporter.
 45665 | WizLab   | Found a transporter.
 45679 | WizLab   | Received a gift from Okawaru
 45696 | WizLab   | Found a transporter.
 45696 | WizLab   | Found a transporter.
 46525 | Depths:2 | Received a gift from Okawaru
 46532 | Depths:2 | Reached XP level 26. HP: 95/144 MP: 41/41
 46551 | Depths:2 | Identified the +10 great mace of Defiance {flame, +Inv rC+
                  | Int+6 Dex-3} (Okawaru gifted it to you on level 2 of the
                  | Depths)
 46633 | Depths:2 | Noticed Asterion
 46648 | Depths:2 | Killed Asterion
 46691 | Depths:2 | Reached skill level 5 in Translocations
 46764 | Depths:2 | Identified the Compendium of Dark Arts and Air
 46774 | Depths:2 | Learned a level 5 spell: Metabolic Englaciation
 46921 | Depths:3 | Received a gift from Okawaru
 46986 | Depths:3 | Reached skill level 1 in Hexes
 47098 | Depths:3 | Reached skill level 5 in Transmutations
 47220 | Depths:3 | Learned a level 6 spell: Invisibility
 47272 | Depths:3 | Received a gift from Okawaru
 47462 | Depths:3 | Noticed Frederick
 47478 | Depths:3 | Killed Frederick
 47583 | Depths:3 | Found a one-way gate leading to the halls of Pandemonium.
 48213 | Depths:4 | Reached XP level 27. HP: 149/149 MP: 42/42
 48254 | Depths:4 | Identified the cursed +0 chain mail "Hugheof" {rC+ MR+
                  | Int+4 Stlth+} (You found it on level 4 of the Depths)
 48509 | Depths:4 | Found Owkeb's Armour Boutique.
 48609 | Depths:4 | Found Tip Zeth's Weapon Emporium.
 48691 | Depths:4 | Found a one-way gate to the infinite horrors of the Abyss.
 48766 | Depths:4 | Found Vyus Teawn's Armour Emporium.
 48964 | Depths:4 | Found Lytow's Food Emporium.
 48975 | Depths:4 | Found Laskuh's Gadget Shoppe.
 49089 | Depths:5 | Entered Level 5 of the Depths
 49107 | Depths:5 | Received a gift from Okawaru
 49108 | Depths:5 | Reached skill level 15 in Armour
 49299 | Depths:5 | Found a gateway to a ziggurat.
 49409 | Depths:5 | Found Vikil's Gadget Shoppe.
 49608 | Depths:5 | Identified the +2 plate armour of Haprod {rCorr} (You found
                  | it on level 5 of the Depths)
 49634 | Depths:5 | Found a deep blue altar of Sif Muna.
 49710 | Depths:5 | Noticed an ancient lich
 49730 | Depths:5 | Reached skill level 5 in Hexes
 49768 | Depths:5 | Reached skill level 17 in Fighting
 49787 | Depths:5 | Killed an ancient lich
 49809 | Depths:5 | Identified Ostrutir's Handbook of Unholy Secrets
 49854 | Depths:5 | Found Gipek's Jewellery Shop.
 49854 | Depths:5 | Found Maotzu's Gadget Shoppe.
 49855 | Depths:5 | Found Gadovedgh's Gadget Shoppe.
 50067 | Depths:5 | Found a gate to the Realm of Zot.
 50547 | Crypt:1  | Entered Level 1 of the Crypt
 50640 | Crypt:1  | Noticed Bai Suzhen
 50654 | Crypt:1  | Killed Bai Suzhen
 50957 | Crypt:1  | Received a gift from Okawaru
 51444 | Crypt:2  | Found a runed translucent door.
 51445 | Crypt:2  | Found a shimmering altar of Xom.
 51445 | Crypt:2  | Noticed Heot Zafel's ghost (veteran MiGl)
 51513 | Crypt:2  | Killed Heot Zafel's ghost
 51520 | Crypt:2  | Identified the cursed +0 pair of boots of Tomorrow {SInv}
                  | (You found it on level 2 of the Crypt)
 52190 | Crypt:3  | Entered Level 3 of the Crypt
 52230 | Crypt:3  | Reached skill level 15 in Spellcasting
 52387 | Crypt:3  | Reached skill level 5 in Evocations
 52496 | Crypt:3  | Reached skill level 15 in Dodging
 52590 | Crypt:3  | Noticed an ancient lich
 52602 | Crypt:3  | Killed an ancient lich
 52602 | Crypt:3  | Received a gift from Okawaru
 52649 | Crypt:3  | Reached skill level 10 in Slings
 52736 | Crypt:3  | Found an ancient bone altar of Kikubaaqudgha.
 52919 | Crypt:3  | Found a staircase to the Tomb.
 52931 | Crypt:3  | Identified the Grimoire of Aerial Ice
 53663 | Pan      | Entered Pandemonium
 53727 | Pan      | Noticed Kuakal Jixots the pandemonium lord
 53755 | Pan      | Killed Kuakal Jixots the pandemonium lord
 54302 | Pan      | Identified The Last Incunabulum of the Archmage
 54913 | Pan      | Found a runed translucent door.
 54917 | Pan      | Found a runed translucent door.
 54922 | Pan      | Found a runed translucent door.
 54970 | Pan      | Noticed Jeheahiq the pandemonium lord
 54994 | Pan      | Killed Jeheahiq the pandemonium lord
 54994 | Pan      | Received a gift from Okawaru
 55012 | Pan      | Identified the +1 animal skin of Fukinen {+Fly rF+}
                  | (Okawaru gifted it to you in Pandemonium)
 55014 | Pan      | Found a runed translucent door.
 55029 | Pan      | Got a pitted bronze ring
 55031 | Pan      | Identified the ring "Gayschuut" {rC+ AC+3} (You found it in
                  | Pandemonium)
 55137 | Pan      | Gained mutation: Your body sometimes deteriorates upon
                  | taking damage. [a neqoxec]
 55414 | Pan      | Gained mutation: Your magical capacity is low. (-10% MP) [a
                  | cacodemon]
 55449 | Pan      | Reached skill level 5 in Shields
 55590 | Pan      | Found a runed translucent door.
 55771 | Pan      | Noticed Jylyfis the pandemonium lord
 55798 | Pan      | Killed Jylyfis the pandemonium lord
 55918 | Pan      | Noticed Xobb the pandemonium lord
 56093 | Pan      | Reached skill level 18 in Fighting
 56118 | Pan      | Entered the realm of Gloorx Vloq.
 56556 | Pan      | Identified a scroll of acquirement
 57009 | Pan      | Received a gift from Okawaru
 57084 | Pan      | Noticed Gloorx Vloq
 57119 | Pan      | Reached skill level 10 in Translocations
 57128 | Pan      | Got a dark rune of Zot
 57162 | Pan      | Killed Gloorx Vloq
 57574 | Pan      | Noticed Wanlu the pandemonium lord
 57605 | Pan      | Killed Wanlu the pandemonium lord
 57618 | Pan      | Identified the Guide on Necromancy and the Compass
 57796 | Pan      | Found an exit through the horrors of the Abyss.
 57840 | Pan      | Noticed Sisyadgh the pandemonium lord
 57892 | Pan      | Killed Sisyadgh the pandemonium lord
 58320 | Pan      | Noticed Kopsez the pandemonium lord
 58636 | Pan      | Noticed Toefap the pandemonium lord
 58666 | Pan      | Killed Toefap the pandemonium lord
 58682 | Pan      | Received a gift from Okawaru
 58721 | Pan      | Found a white marble altar of Elyvilon.
 58773 | Pan      | Received a gift from Okawaru
 59741 | Pan      | Received a gift from Okawaru
 60025 | Pan      | Reached skill level 1 in Ice Magic
 60050 | Pan      | Noticed a seraph
 60060 | Pan      | Found a glowing golden altar of the Shining One.
 60084 | Pan      | Killed a seraph
 60099 | Pan      | Identified the Collected Works on Beguiling
 60106 | Pan      | Identified a +2 pair of boots of running (You found it in
                  | Pandemonium)
 60118 | Pan      | Got a demonic rune of Zot
 60358 | Pan      | Received a gift from Okawaru
 60361 | Pan      | Identified the +5 plate armour "Fywul" {Int+2} (Okawaru
                  | gifted it to you in Pandemonium)
 60596 | Pan      | Identified the +1 large shield "Qaraiss" {Stlth+}
 60701 | Pan      | Found an exit through the horrors of the Abyss.
 60811 | Pan      | Entered the realm of Cerebov.
 60997 | Pan      | Identified the +6 sword of Cerebov {flame}
 60997 | Pan      | Noticed Cerebov
 61028 | Pan      | Learned a level 3 spell: Gell's Gravitas
 61112 | Pan      | Reached skill level 10 in Shields
 61145 | Pan      | Identified the ring "Siodd" {rPois MR+ Int+3}
 61169 | Pan      | Identified the Guide on Scorching Augmentations
 61222 | Pan      | Killed Cerebov
 61299 | Pan      | Got a fiery rune of Zot
 61324 | Pan      | Identified Leiseud's Collected Works on the Toxic Compass
 61389 | Pan      | Reached skill level 19 in Fighting
 61536 | Pan      | Learned a level 8 spell: Necromutation
 61605 | Pan      | Received a gift from Okawaru
 61739 | Pan      | Reached skill level 5 in Ice Magic
 61769 | Pan      | Lost mutation: Your body sometimes deteriorates upon taking
                  | damage. [potion of mutation]
 61769 | Pan      | Lost mutation: You have a pair of small antennae on your
                  | head. [potion of mutation]
 61769 | Pan      | Gained mutation: You can translocate small distances at
                  | will. [potion of mutation]
 61769 | Pan      | Lost mutation: You can translocate small distances at will.
                  | [potion of mutation]
 61769 | Pan      | Gained mutation: Your movements are slightly less
                  | encumbered by armour. (ER -2) [potion of mutation]
 61770 | Pan      | Lost mutation: Your magical capacity is low. (-10% MP)
                  | [potion of mutation]
 61770 | Pan      | Lost mutation: You are dopey. (Int -2) [potion of mutation]
 61770 | Pan      | Gained mutation: You possess an exceptional clarity of
                  | mind. [potion of mutation]
 61770 | Pan      | Gained mutation: You have an increased reservoir of magic.
                  | (+10% MP) [potion of mutation]
 61874 | Pan      | Entered the realm of Mnoleg.
 61874 | Pan      | Found an exit through the horrors of the Abyss.
 61957 | Pan      | Received a gift from Okawaru
 62085 | Pan      | Lost mutation: You have an increased reservoir of magic.
                  | (+10% MP) [a neqoxec]
 62207 | Pan      | Lost mutation: You possess an exceptional clarity of mind.
                  | [a neqoxec]
 62209 | Pan      | Gained mutation: Your spells are a little easier to cast,
                  | but a little less powerful. [a neqoxec]
 62340 | Pan      | Received a gift from Okawaru
 62529 | Pan      | Noticed Mnoleg
 62552 | Pan      | Killed Mnoleg
 62630 | Pan      | Got a glowing rune of Zot
 62809 | Pan      | Lost mutation: Your spells are a little easier to cast, but
                  | a little less powerful. [potion of mutation]
 62809 | Pan      | Gained mutation: Your system is resistant to poisons.
                  | (rPois) [potion of mutation]
 62809 | Pan      | Gained mutation: You have a somewhat thin skeletal
                  | structure. (Dex +2, Stealth) [potion of mutation]
 62846 | Pan      | Noticed Wuno Qol the pandemonium lord
 62864 | Pan      | Killed Wuno Qol the pandemonium lord
 62953 | Pan      | Entered the realm of Lom Lobon.
 63380 | Pan      | Received a gift from Okawaru
 63463 | Pan      | Noticed Lom Lobon
 63727 | Pan      | Killed Lom Lobon
 63756 | Pan      | Got a magical rune of Zot
 63960 | Pan      | Received a gift from Okawaru
 63975 | Pan      | Noticed Ehugg the pandemonium lord
 63980 | Pan      | Killed Ehugg the pandemonium lord
 64625 | Pan      | Found an exit through the horrors of the Abyss.
 64733 | Depths:3 | Escaped Pandemonium
 64778 | Depths:4 | Voluntarily entered the Abyss.
 65599 | Abyss:3  | Got an abyssal rune of Zot
 65701 | Depths:4 | Escaped the Abyss
 65732 | Hell     | Entered the Vestibule of Hell
 65732 | Hell     | Noticed Geryon
 65750 | Hell     | Killed Geryon
 65751 | Hell     | Noticed Murray
 65760 | Hell     | Received a gift from Okawaru
 65773 | Hell     | Killed Murray
 66228 | Hell     | Found a gateway to the ashen valley of Gehenna.
 66277 | Hell     | Found a gateway to the decaying netherworld of Tartarus.
 66304 | Hell     | Received a gift from Okawaru
 66342 | Hell     | Found a gateway to the freezing wastes of Cocytus.
 66470 | Hell     | Found a gateway to the Iron City of Dis.
 66476 | Hell     | Received a gift from Okawaru
 66480 | Hell     | Reached skill level 20 in Fighting
 66517 | Geh:1    | Entered Level 1 of Gehenna
 67258 | Geh:7    | Entered Level 7 of Gehenna
 67428 | Geh:7    | Reached skill level 10 in Hexes
 67686 | Geh:7    | Identified the +4 mace of Capital Punishment {speed, rElec
                  | rF+}
 67749 | Geh:7    | Received a gift from Okawaru
 68017 | Geh:7    | Identified the +7 sceptre of Asmodeus
 68017 | Geh:7    | Noticed Asmodeus
 68068 | Geh:7    | Killed Asmodeus
 68088 | Geh:7    | Found the +8 demon trident "Rift" {distort, reach+}
 68096 | Geh:7    | Got an obsidian rune of Zot
 68202 | Coc:1    | Entered Level 1 of Cocytus
 68308 | Coc:3    | Received a gift from Okawaru
 68780 | Coc:7    | Entered Level 7 of Cocytus
 68808 | Coc:7    | Reached skill level 15 in Necromancy
 69218 | Coc:7    | Noticed Antaeus
 69253 | Coc:7    | Received a gift from Okawaru
 69263 | Coc:7    | Reached skill level 10 in Transmutations
 69265 | Coc:7    | Reached skill level 21 in Fighting
 69316 | Coc:7    | Identified the +6 scythe of True Grit {flame, *Contam rC+++
                  | MP+9 Dex+3}
 69408 | Coc:7    | Killed Antaeus
 69486 | Coc:7    | Got an icy rune of Zot
 69664 | Tar:1    | Entered Level 1 of Tartarus
 69757 | Tar:2    | You fall through a shaft!
 69810 | Tar:3    | Received a gift from Okawaru
 69999 | Tar:5    | Received a gift from Okawaru
 70122 | Tar:5    | You fall through a shaft!
 70137 | Tar:6    | Received a gift from Okawaru
 70232 | Tar:6    | Reached skill level 15 in Translocations
 70438 | Tar:6    | You fall through a shaft!
 70438 | Tar:7    | Entered Level 7 of Tartarus
 70766 | Tar:7    | Found the ring of Shadows {Umbra +Inv Stlth+}
 70809 | Tar:7    | Got a sparkling steel amulet
 70811 | Tar:7    | Identified the amulet of Byrghah {RegenMP Slay+4} (You
                  | found it on level 7 of Tartarus)
 70817 | Tar:7    | Identified the +4 trident "Mered" {flame, *Drain rN+ MP+9
                  | Str+4} (You found it on level 7 of Tartarus)
 70989 | Tar:7    | Received a gift from Okawaru
 71050 | Tar:7    | Received a gift from Okawaru
 71080 | Tar:7    | Noticed Ereshkigal
 71096 | Tar:7    | Learned a level 6 spell: Darkness
 71102 | Tar:7    | Learned a level 5 spell: Aura of Abjuration
 71252 | Tar:7    | Killed Ereshkigal
 71288 | Tar:7    | Got a bone rune of Zot
 71495 | Tar:7    | Received a gift from Okawaru
 71713 | Dis:1    | Entered Level 1 of the Iron City of Dis
 73050 | Dis:6    | Received a gift from Okawaru
 73240 | Dis:6    | Reached skill level 22 in Fighting
 73328 | Dis:7    | Entered Level 7 of the Iron City of Dis
 73504 | Dis:7    | Received a gift from Okawaru
 73712 | Dis:7    | Gained mutation: Your magical capacity is low. (-10% MP)
                  | [mutagenic glow]
 74032 | Dis:7    | Received a gift from Okawaru
 74033 | Dis:7    | Found the +27 Lear's hauberk
 74066 | Dis:7    | Got a scintillating steel amulet
 74157 | Dis:7    | Reached skill level 10 in Invocations
 74282 | Dis:7    | Identified the cursed +0 scale mail of Experimentation
                  | {rF+}
 74379 | Dis:7    | Got a clouded wooden ring
 74382 | Dis:7    | Identified the ring of Nuvaesha {rC+ Dex+8 Stlth+} (You
                  | found it on level 7 of the Iron City of Dis)
 74632 | Dis:7    | Identified the +4 staff of Dispater
 74632 | Dis:7    | Noticed Dispater
 74648 | Dis:7    | Got an iron rune of Zot
 74696 | Dis:7    | Killed Dispater
 75333 | Slime:1  | Entered Level 1 of the Pits of Slime
 75352 | Slime:1  | Gained mutation: You are frail. (-10% HP) [a shining eye]
 75470 | Slime:3  | Received a gift from Okawaru
 75562 | Slime:5  | Entered Level 5 of the Pits of Slime
 75695 | Slime:5  | Noticed the Royal Jelly
 75725 | Slime:5  | Killed the Royal Jelly
 75725 | Slime:5  | Received a gift from Okawaru
 75803 | Slime:5  | Got a slimy rune of Zot
 75866 | Slime:5  | Identified the Disquisition on Sinister Companions
 75875 | Slime:5  | Identified the amulet of the Saviour {Harm *Drain rC+ rN+
                  | Str-5} (You found it on level 7 of the Iron City of Dis)
 76200 | D:12     | Bought a scroll of teleportation for 81 gold pieces
 76200 | D:12     | Bought a scroll of enchant weapon for 202 gold pieces
 76200 | D:12     | Bought a scroll of holy word for 202 gold pieces
 76217 | D:12     | Lost mutation: Your magical capacity is low. (-10% MP)
                  | [potion of mutation]
 76217 | D:12     | Lost mutation: Your system is resistant to poisons. (rPois)
                  | [potion of mutation]
 76217 | D:12     | Lost mutation: You have a somewhat thin skeletal structure.
                  | (Dex +2, Stealth) [potion of mutation]
 76217 | D:12     | Gained mutation: You evolve. [potion of mutation]
 76217 | D:12     | Lost mutation: You evolve. [potion of mutation]
 76217 | D:12     | Gained mutation: You have a pair of small antennae on your
                  | head. [potion of mutation]
 76218 | D:12     | Lost mutation: You are frail. (-10% HP) [potion of
                  | mutation]
 76218 | D:12     | Lost mutation: Your movements are slightly less encumbered
                  | by armour. (ER -2) [potion of mutation]
 76218 | D:12     | Gained mutation: You are robust. (+10% HP) [potion of
                  | mutation]
 76218 | D:12     | Gained mutation: Your system is resistant to poisons.
                  | (rPois) [potion of mutation]
 76218 | D:12     | Gained mutation: You are partially covered in rugged brown
                  | scales. (AC +1, +3% HP) [potion of mutation]
 76447 | Tomb:1   | Entered Level 1 of the Tomb of the Ancients
 76651 | Tomb:1   | Noticed a greater mummy
 76666 | Tomb:1   | Killed a greater mummy
 76675 | Tomb:1   | Noticed a greater mummy
 76694 | Tomb:1   | Killed a greater mummy
 76881 | Tomb:1   | Noticed a greater mummy
 76889 | Tomb:1   | Killed a greater mummy
 77117 | Tomb:2   | Noticed a greater mummy
 77128 | Tomb:2   | Killed a greater mummy
 77143 | Tomb:2   | Noticed a greater mummy
 77143 | Tomb:2   | Noticed an ancient lich
 77145 | Tomb:2   | Noticed a greater mummy
 77151 | Tomb:1   | Received a gift from Okawaru
 77634 | Depths:4 | Voluntarily entered the Abyss.
 77670 | Abyss:1  | Found a corrupted altar of Lugonu.
 78004 | Abyss:3  | Found a corrupted altar of Lugonu.
 78011 | Abyss:3  | Identified the amulet "Fyton" {Inacc MR+ Str+4 Int-3} (You
                  | found it on level 3 of the Abyss)
 78014 | Abyss:3  | Found a corrupted altar of Lugonu.
 78468 | Abyss:3  | Received a gift from Okawaru
 78672 | Abyss:3  | Noticed an ancient lich
 78694 | Abyss:3  | Killed an ancient lich
 78694 | Abyss:3  | Reached skill level 23 in Fighting
 78837 | Abyss:5  | Entered Level 5 of the Abyss
 78837 | Abyss:5  | Entered Level 5 of the Abyss
 78837 | Abyss:5  | Found a corrupted altar of Lugonu.
 79103 | Abyss:5  | Gained mutation: You tend to lose your temper in combat. [a
                  | shining eye]
 79209 | Abyss:5  | Got a coiled golden amulet
 79211 | Abyss:5  | Identified the amulet "Meonia" {Harm *Drain rC++ MR- Str+3
                  | Stlth+} (You acquired it on level 5 of the Abyss)
 79237 | Abyss:5  | Received a gift from Okawaru
 79341 | Abyss:5  | Paralysed by accursed screaming for 1 turns
 79494 | Abyss:5  | Received a gift from Okawaru
 79615 | Abyss:5  | Received a gift from Okawaru
 79743 | Abyss:5  | Received a gift from Okawaru
 79868 | Abyss:5  | Received a gift from Okawaru
 80325 | Abyss:5  | Reached skill level 24 in Fighting
 80367 | Abyss:5  | Received a gift from Okawaru
 80435 | Abyss:5  | Received a gift from Okawaru
 80517 | Abyss:5  | Paralysed by accursed screaming for 1 turns
 80521 | Abyss:5  | Paralysed by accursed screaming for 1 turns
 80542 | Abyss:5  | Received a gift from Okawaru
 80546 | Abyss:5  | Paralysed by accursed screaming for 1 turns
 80557 | Abyss:5  | Paralysed by accursed screaming for 2 turns
 80802 | Abyss:5  | Paralysed by accursed screaming for 1 turns
 80816 | Abyss:5  | Paralysed by accursed screaming for 1 turns
 80827 | Abyss:5  | Paralysed by accursed screaming for 1 turns
 80844 | Abyss:5  | Paralysed by accursed screaming for 1 turns
 80917 | Abyss:5  | Paralysed by accursed screaming for 1 turns
 81150 | Abyss:5  | Paralysed by accursed screaming for 1 turns
 81158 | Abyss:5  | Paralysed by accursed screaming for 1 turns
 81164 | Abyss:5  | Paralysed by accursed screaming for 1 turns
 81182 | Abyss:5  | Paralysed by accursed screaming for 2 turns
 81198 | Abyss:5  | Paralysed by accursed screaming for 1 turns
 81232 | Depths:4 | Escaped the Abyss
 81447 | Depths:4 | Voluntarily entered the Abyss.
 81482 | Abyss:1  | Paralysed by accursed screaming for 1 turns
 81487 | Abyss:1  | Paralysed by accursed screaming for 2 turns
 81497 | Abyss:1  | Paralysed by accursed screaming for 1 turns
 81563 | Abyss:1  | Gained mutation: You are dopey. (Int -2) [a neqoxec]
 81567 | Abyss:1  | Paralysed by accursed screaming for 2 turns
 81749 | Abyss:1  | Received a gift from Okawaru
 82265 | Depths:4 | Escaped the Abyss
 82421 | Zig:1    | Entered Level 1 of a ziggurat
 82456 | Zig:2    | Entered Level 2 of a ziggurat
 82483 | Zig:3    | Entered Level 3 of a ziggurat
 82484 | Zig:3    | Noticed Kumohyucs the pandemonium lord
 82496 | Zig:3    | Killed Kumohyucs the pandemonium lord
 82549 | Zig:3    | Identified the amulet "Ruhoscheu" {Harm *Drain MR+} (You
                  | found it on level 3 of a ziggurat)
 82551 | Zig:3    | Got a bound granite ring
 82553 | Zig:3    | Identified the ring "Erir Azu" {*Corrode rElec rN++ EV+2
                  | Stlth+} (You found it on level 3 of a ziggurat)
 82556 | Zig:4    | Entered Level 4 of a ziggurat
 82600 | Zig:5    | Entered Level 5 of a ziggurat
 82666 | Zig:6    | Entered Level 6 of a ziggurat
 82684 | Zig:6    | Reached skill level 25 in Fighting
 82704 | Zig:6    | Identified Kashom's Compendium of the Earthen Snowflakes
 82719 | Zig:6    | Identified the ring of Texamp {SInv Stlth-} (You found it
                  | on level 6 of a ziggurat)
 82736 | Zig:7    | Entered Level 7 of a ziggurat
 82828 | Zig:7    | Identified Sif Muna's Collected Works on Congealing Shape
                  | Shifting
 82839 | Zig:8    | Entered Level 8 of a ziggurat
 82893 | Zig:8    | Found the +0 sword of Power
 82972 | Zig:8    | Identified the Volume of Shape Shifting
 83179 | Zig:9    | Entered Level 9 of a ziggurat
 83208 | Zig:9    | Received a gift from Okawaru
 83237 | Zig:9    | Identified the Volume of Calling
 83291 | Zig:10   | Entered Level 10 of a ziggurat
 83330 | Zig:10   | Received a gift from Okawaru
 83389 | Zig:11   | Entered Level 11 of a ziggurat
 83469 | Zig:12   | Entered Level 12 of a ziggurat
 83489 | Zig:12   | Noticed a juggernaut
 83522 | Zig:12   | Killed a juggernaut
 83601 | Zig:13   | Entered Level 13 of a ziggurat
 83654 | Zig:13   | Noticed an ancient lich
 83673 | Zig:13   | Killed an ancient lich
 83673 | Zig:13   | Received a gift from Okawaru
 83700 | Zig:13   | Noticed an ancient lich
 83716 | Zig:13   | Killed an ancient lich
 83725 | Zig:13   | Received a gift from Okawaru
 83779 | Zig:13   | Identified the ring "Juruw" {rCorr *Slow +Fly rN+ Str+3}
                  | (You found it on level 13 of a ziggurat)
 83794 | Zig:13   | Identified the +1 helmet "Wuvirie" {Str+5} (You found it on
                  | level 13 of a ziggurat)
 83804 | Zig:14   | Entered Level 14 of a ziggurat
 83844 | Zig:14   | Paralysed by a floating eye for 4 turns
 84005 | Zig:14   | Got a brightly glowing ivory ring
 84007 | Zig:14   | Identified the ring "Itireo" {MR+ Dex+4 SInv} (You found it
                  | on level 14 of a ziggurat)
 84034 | Zig:14   | Got a pair of ancient boots
 84045 | Zig:14   | Identified the +0 pair of boots "Rifocwei" {-Tele Regen+
                  | Dex+5} (You found it on level 14 of a ziggurat)
 84059 | Zig:15   | Entered Level 15 of a ziggurat
 84147 | Zig:15   | Noticed a greater mummy
 84163 | Zig:15   | Killed a greater mummy
 84178 | Zig:15   | Noticed a greater mummy
 84179 | Zig:15   | Noticed a greater mummy
 84192 | Zig:15   | Killed a greater mummy
 84192 | Zig:15   | Received a gift from Okawaru
 84214 | Zig:15   | Killed a greater mummy
 84327 | Zig:16   | Entered Level 16 of a ziggurat
 84350 | Zig:16   | Found the macabre finger necklace {rN+}
 84569 | Zig:16   | Noticed an ancient lich
 84676 | Zig:16   | Reached skill level 26 in Fighting
 84686 | Zig:16   | Killed an ancient lich
 84779 | Zig:17   | Entered Level 17 of a ziggurat
 85005 | Zig:17   | Received a gift from Okawaru
 85042 | Zig:17   | Identified the +8 demon whip "Wefri" {venom, rElec Int+3}
                  | (You found it on level 17 of a ziggurat)
 85045 | Zig:17   | Identified the cursed ring "Golofir" {rPois Str+2 Int-2
                  | Dex-3} (You found it on level 17 of a ziggurat)
 85068 | Zig:17   | Identified the ring of Iqaj {rC+ MR+ MP+9 Int+5} (You found
                  | it on level 17 of a ziggurat)
 85122 | Zig:18   | Entered Level 18 of a ziggurat
 85294 | Zig:18   | Identified the amulet "Agiyst" {Inacc rC+} (You found it on
                  | level 18 of a ziggurat)
 85317 | Zig:18   | Identified the +3 pearl dragon scales of the Bells {rElec
                  | rN+ MR- SInv Stlth+} (You found it on level 18 of a
                  | ziggurat)
 85321 | Zig:19   | Entered Level 19 of a ziggurat
 85574 | Zig:19   | Got a brightly glowing sapphire amulet
 85575 | Zig:19   | Identified the amulet of the Komtur {Inacc *Corrode rElec
                  | Str+3} (You found it on level 19 of a ziggurat)
 85586 | Zig:19   | Got a flickering wooden ring
 85587 | Zig:19   | Identified Sif Muna's Grimoire of Fetching Orientation
 85591 | Zig:19   | Identified the Volume of Poisoning and Shape Shifting
 85617 | Zig:20   | Entered Level 20 of a ziggurat
 85648 | Zig:20   | Identified the ring "Byoskupn" {Fire *Slow +Blink rPois
                  | SInv} (You found it on level 19 of a ziggurat)
 85709 | Zig:20   | Received a gift from Okawaru
 85791 | Zig:20   | Reached skill level 15 in Hexes
 85937 | Zig:20   | Found the +10 large shield of Ignorance {rN+ Int-4}
 86058 | Zig:20   | Got a crude plate armour
 86069 | Zig:20   | Identified the +3 plate armour of Philately {rPois rF-
                  | rC+++ Int-4} (You found it on level 20 of a ziggurat)
 86111 | Zig:21   | Entered Level 21 of a ziggurat
 86149 | Zig:21   | Noticed Pofy the pandemonium lord
 86168 | Zig:21   | Killed Pofy the pandemonium lord
 86207 | Zig:21   | Received a gift from Okawaru
 86441 | Zig:21   | Identified the Tome of the Lethal Arsonist
 86448 | Zig:21   | Identified the Disquisition on Clay and Lightness
 86454 | Zig:21   | Identified the ring "Biug" {rF+ Slay+3} (You found it on
                  | level 21 of a ziggurat)
 86457 | Zig:21   | Identified the Collected Works on Summoning and the Birds
 86521 | Zig:22   | Entered Level 22 of a ziggurat
 86637 | Zig:22   | Found the +8 frozen axe "Frostbite" {freezing cloud, *Noise
                  | +Fly rC+}
 86638 | Zig:22   | HP: 1/194 [deep elf high priest/damnation (21)]
 86806 | Zig:22   | Received a gift from Okawaru
 87014 | Zig:22   | Learned a level 8 spell: Discord
 87017 | Zig:22   | Identified the amulet "Idoyvolocs" {Spirit rN+} (You found
                  | it on level 22 of a ziggurat)
 87024 | Zig:22   | Identified the Grimoire of Snow
 87030 | Zig:22   | Identified the Compendium of Enchantment and Weightlessness
 87032 | Zig:22   | Identified the Incunabulum of the Doomed Rocks
 87065 | Zig:22   | Got a bound lead ring
 87067 | Zig:22   | Identified the ring of Maimpem {Str+5 Dex+3 Stlth-} (You
                  | found it on level 22 of a ziggurat)
 87090 | Zig:22   | Lost mutation: You are robust. (+10% HP) [potion of
                  | mutation]
 87090 | Zig:22   | Lost mutation: You are dopey. (Int -2) [potion of mutation]
 87090 | Zig:22   | Gained mutation: You have large cloven feet. [potion of
                  | mutation]
 87091 | Zig:22   | Lost mutation: You tend to lose your temper in combat.
                  | [potion of mutation]
 87091 | Zig:22   | Lost mutation: Your system is resistant to poisons. (rPois)
                  | [potion of mutation]
 87091 | Zig:22   | Gained mutation: You are clumsy. (Dex -2) [potion of
                  | mutation]
 87091 | Zig:22   | Gained mutation: You evolve. [potion of mutation]
 87091 | Zig:22   | Gained mutation: You possess an exceptional clarity of
                  | mind. [potion of mutation]
 87096 | Zig:23   | Entered Level 23 of a ziggurat
 87147 | Zig:23   | Received a gift from Okawaru
 87184 | Zig:23   | Reached skill level 27 in Fighting
 87208 | Zig:23   | Gained mutation: You are frail. (-10% HP) [mutagenic glow]
 87259 | Zig:23   | Found the amulet of the Air {Inacc +Fly rElec EV+5 RMsl}
 87319 | Zig:23   | Reached skill level 10 in Evocations
 87336 | Zig:24   | Entered Level 24 of a ziggurat
 87447 | Zig:24   | Reached skill level 15 in Shields
 87535 | Zig:24   | Noticed Yhoit the pandemonium lord
 87691 | Zig:24   | Received a gift from Okawaru
 87699 | Zig:24   | HP: 7/161 [gelid corrupter/+2 antimagic demon trident (2)]
 87700 | Zig:24   | Killed from afar by an Ice Fiend

Skill      XL: |  1  2  3  4  5  6  7  8  9 10 11 12 13 14 15 16 17 18 19 20 21 22 23 24 25 26 27 |
---------------+----------------------------------------------------------------------------------+-----
Axes           | 2 3 5 7 9 11 14 | 14.0
Armour         | 1 2 3 4 5 6 7 8 9 10 11 12 13 14 18 | 18.3
Fighting       | 2 3 4 5 6 7 8 9 10 11 12 13 14 15 16 27 | 27.0
Maces & Flails | 1 2 3 4 6 7 9 10 11 12 13 14 15 | 15.9
Dodging        | 2 3 4 5 6 7 8 9 10 11 12 13 14 19 | 19.2
Throwing       | 1 |  1.5
Stealth        | 1 2 3 5 6 7 8 9 10 11 12 13 14 15 16 17 18 20 21 24 | 24.3
Spellcasting   | 3 4 5 6 7 8 9 10 11 12 13 14 24 | 24.4
Invocations    | 1 2 3 4 5 6 7 8 9 13 | 13.2
Translocations | 4 6 21 | 21.3
Evocations     | 1 2 3 4 10 | 10.3
Shields        | 1 3 4 15 | 15.0
Necromancy     | 2 4 6 7 9 10 11 18 | 18.6
Slings         | 1 4 7 8 9 10 | 10.0
Charms         | 4 5 7 |  7.0
Summonings     | 1 5 7 8 |  8.6
Transmutations | 4 6 14 | 14.6
Hexes          | 3 17 | 17.3
Ice Magic      | 9 |  9.0
Short Blades   | |  0.3
Earth Magic    | |  0.6

Action                   |  1- 3 |  4- 6 |  7- 9 | 10-12 | 13-15 | 16-18 | 19-21 | 22-24 | 25-27 || total
-------------------------+-------+-------+-------+-------+-------+-------+-------+-------+-------++-------
Melee: Hand axe          |    71 |       |       |       |       |       |       |       |       ||    71
       Bite              |    25 |    48 |    85 |   198 |   327 |   447 |   318 |   388 |  6192 ||  8028
       Whip              |    26 |   148 |   251 |   421 |   197 |   260 |       |       |       ||  1303
       Eveningstar       |       |       |       |   130 |   562 |   861 |   371 |   561 |   373 ||  2858
       Punch             |       |       |       |     1 |       |     1 |       |       |       ||     2
       Dagger            |       |       |       |       |       |     9 |       |       |       ||     9
       Demon whip        |       |       |       |       |       |    19 |   232 |   107 |  2405 ||  2763
       Broad axe         |       |       |       |       |       |       |   235 |   206 |  1643 ||  2084
       Sacred scourge    |       |       |       |       |       |       |       |       |  7940 ||  7940
 Fire: Fustibalus        |       |       |       |       |       |   240 |   607 |     6 |   177 ||  1030
Throw: Throwing net      |     2 |       |     2 |       |       |       |       |       |       ||     4
       Tomahawk          |     1 |       |       |       |     5 |       |       |       |     1 ||     7
       Javelin           |       |       |       |       |    18 |     4 |       |       |       ||    22
 Cast: Regeneration      |       |       |       |       |       |       |       |     9 |   279 ||   288
       Darkness          |       |       |       |       |       |       |       |       |    71 ||    71
       Aura of Abjuratio |       |       |       |       |       |       |       |       |     6 ||     6
       Apportation       |       |       |       |       |       |       |       |       |     3 ||     3
       Controlled Blink  |       |       |       |       |       |       |       |       |     2 ||     2
       Summon Butterflie |       |       |       |       |       |       |       |       |     2 ||     2
       Passage of Golubr |       |       |       |       |       |       |       |       |     1 ||     1
Invok: Heroism           |       |       |       |    10 |    10 |    13 |     9 |     8 |   104 ||   154
       Finesse           |       |       |       |       |     3 |     3 |       |     1 |    34 ||    41
 Abil: Evoke Blink       |       |       |       |       |     1 |     1 |       |       |    21 ||    23
       Evoke Fog         |       |       |       |       |       |       |       |       |    49 ||    49
       Evoke Invisibilit |       |       |       |       |       |       |       |       |     6 ||     6
Evoke: Wand              |       |       |       |     2 |       |       |       |     1 |     4 ||     7
  Use: Scroll            |     4 |     1 |     8 |    11 |    12 |    15 |    14 |     7 |    98 ||   170
       Potion            |       |     5 |     1 |       |       |       |       |       |    29 ||    35
 Stab: Sleeping          |       |       |       |       |     9 |     7 |    31 |    23 |   140 ||   210
       Distracted        |       |       |       |       |     2 |     2 |     6 |     7 |    47 ||    64
       Confused          |       |       |       |       |       |     1 |       |       |       ||     1
       Invisible         |       |       |       |       |       |       |       |       |    46 ||    46
       Petrifying        |       |       |       |       |       |       |       |       |     3 ||     3
  Eat: Chunk             |       |     4 |     6 |    16 |    13 |    10 |    22 |     8 |     9 ||    88
       Ration            |       |     1 |     1 |     1 |     2 |     7 |     3 |     4 |    58 ||    77
Armor: Leather armour    |    17 |       |       |       |       |       |       |       |       ||    17
       Ring mail         |    16 |    51 |       |       |       |       |       |       |       ||    67
       Scale mail        |       |    18 |    58 |       |       |       |       |       |       ||    76
       Chain mail        |       |       |    53 |   256 |   216 |    61 |    60 |       |       ||   646
       Quicksilver drago |       |       |       |       |   256 |   484 |   160 |       |       ||   900
       Pearl dragon scal |       |       |       |       |       |       |    95 |   309 |  3345 ||  3749
Dodge: Dodged            |    56 |    98 |   110 |   231 |   570 |   898 |   631 |   638 |  8500 || 11732
Block: Other             |       |       |    37 |    75 |   142 |    30 |       |       |       ||   284
       Buckler           |       |       |       |       |       |   499 |   584 |   540 |  7453 ||  9076
       Reflection        |       |       |       |       |       |       |       |     7 |   429 ||   436
